 Dungeon Crawl Stone Soup version 0.29.0-15-g675c0067aa (webtiles) character file.

Game seed: 17679874026050890000

543197 qw the Invulnerable (level 24, -4/249 HPs)
             Began as a Minotaur Berserker on Sept 12, 2022.
             Was an Elder of Trog.
             Slain by an Orb Guardian (37 damage)
             ... on level 5 of the Realm of Zot.
             The game lasted 00:27:14 (54963 turns).

qw the Invulnerable (Minotaur Berserker)           Turns: 54963, Time: 00:27:14

Health: -4/249     AC: 64    Str: 33    XL:     24   Next: 81%
Magic:  0/22       EV: 15    Int: 10    God:    Trog [****..]
Gold:   966        SH: 19    Dex: 16    Spells: 23/23 levels left

rFire   + + .      SeeInvis +   h - +8 broad axe (vamp)
rCold   + + .      Faith    .   q - +2 shield of Resistance {rF++ rC++ Will++}
rNeg    + . .      Spirit   .   k - +13 crystal plate armour of Tapewirgh {Rampage Drain Int+9 Dex-4}
rPois   +          Reflect  .   D - +1 hat of Wrong Decisions {rN+}
rElec   +          Harm     .   z - +2 cloak of Uqeadwa {Fly Will+ Str+3 Dex+3}
rCorr   .          Rampage  +   w - +2 pair of gloves
Will    ++++.                   s - +1 pair of boots "Musazejo" {rElec rPois}
Stlth   ..........              b - amulet of the acrobat
HPRegen 0.51/turn               t - ring of Uggan {+Blink rF+ Will- Str+2 SInv}
MPRegen 0.18/turn               E - ring of the Tortoise {AC+8}

@: lethally poisoned (-4 -> -15), about to teleport, fire vulnerable, on berserk
cooldown, flying, slowed, very slow
A: horns 2, retaliatory headbutt, agile 1, dopey 1, strong-willed 1, weak 1
}: 3/15 runes: serpentine, barnacled, silver
a: Renounce Religion, Evoke Blink, Berserk, Trog's Hand, Brothers in Arms


You were on level 5 of the Realm of Zot.
You worshipped Trog.
Trog was greatly pleased with you.
You visited 8 branches of the dungeon, and saw 44 of its levels.
You also visited: Gauntlet.

You collected 7207 gold pieces.
You spent 6241 gold pieces at shops.


Innate Abilities, Weirdness & Mutations

You have a pair of horns on your head.
You reflexively headbutt those who attack you in melee.
You are agile. (Dex +4, Str/Int -1)
You are dopey. (Int -2)
You are strong-willed. (Will+)
You are weak. (Str -2)


   Skills:
 O Level 27 Fighting
 - Level 21.5 Axes
 - Level 14.0 Throwing
 O Level 27 Armour
 + Level 15.5 Dodging
 - Level 22.9 Shields
 - Level 4.4 Evocations


You had 23 spell levels left.
You didn't know any spells.
Your spell library was empty.

Inventory:

Hand Weapons
 h - a +8 vampiric broad axe (weapon)
Missiles
 g - 42 boomerangs
 x - 11 silver boomerangs (quivered)
Armour
 c - a +1 pair of boots of flying
 k - the +13 crystal plate armour of Tapewirgh (worn) {Rampage Drain Int+9 Dex-4}
   (You acquired it on level 2 of the Dungeon)

   Int:       It affects your intelligence (+9).
   Dex:       It affects your dexterity (-4).
   Drain:     It drains your maximum health when unequipped.
   Rampage:   It bestows one free step when moving towards enemies.
 q - the +2 shield of Resistance (worn) {rF++ rC++ Will++}
   (You found it on level 2 of the Realm of Zot)

   rF:        It greatly protects you from fire.
   rC:        It greatly protects you from cold.
   Will:      It greatly increases your willpower.
 r - the +0 hat "Gatzixza" {+Blink rN+ Will- SInv}
   (You found it in a Gauntlet)

   rN:        It protects you from negative energy.
   SInv:      It lets you see invisible.
   +Blink:    It lets you blink.
   Will:      It decreases your willpower.
 s - the +1 pair of boots "Musazejo" (worn) {rElec rPois}
   (You acquired it on level 9 of the Dungeon)

   rElec:     It insulates you from electricity.
   rPois:     It protects you from poison.
 w - a +2 pair of gloves (worn)
 z - the +2 cloak of Uqeadwa (worn) {Fly Will+ Str+3 Dex+3}
   (You acquired it on level 9 of the Dungeon)

   Str:       It affects your strength (+3).
   Dex:       It affects your dexterity (+3).
   Fly:       It grants you flight.
   Will:      It increases your willpower.
 C - a +0 tower shield
 D - the +1 hat of Wrong Decisions (worn) {rN+}
   (You found it on level 5 of the Vaults)

   rN:        It protects you from negative energy.
Jewellery
 b - an amulet of the acrobat (around neck)
 p - the ring "Uzephuno" {Ice Str+5}
   (You took it off a merfolk impaler on level 4 of the Shoals)

   [ring of ice]

   It enhances your ice magic.
   Str:       It affects your strength (+5).
   rF:        It makes you vulnerable to fire.
   rC:        It protects you from cold.
 t - the ring of Uggan (left hand) {+Blink rF+ Will- Str+2 SInv}
   (You found it on level 4 of the Shoals)

   [ring of see invisible]

   Str:       It affects your strength (+2).
   rF:        It protects you from fire.
   SInv:      It lets you see invisible.
   +Blink:    It lets you blink.
   Will:      It decreases your willpower.
 v - an amulet of regeneration
 E - the ring of the Tortoise (right hand) {AC+8}
   (You bought it in a shop on level 2 of the Orcish Mines)

   [ring of protection]

   AC:        It affects your AC (+8).
 G - a ring of protection from fire
 Y - a +4 ring of evasion
Wands
 y - a wand of digging (7)
Scrolls
 a - 9 scrolls of identify
 d - a scroll of brand weapon
 e - 8 scrolls of teleportation
 B - 2 scrolls of enchant armour
Potions
 f - 14 potions of haste
 i - 14 potions of mutation
 l - 36 potions of curing
 m - 7 potions of might
 n - 7 potions of resistance
 o - 6 potions of heal wounds

Dungeon Overview and Level Annotations

Branches:
Dungeon (15/15)            Temple (0/1) D:4            Lair (5/5) D:11
 Shoals (4/4) Lair:2        Snake (4/4) Lair:3        Slime (0/5) Lair:5
    Orc (2/2) D:9             Elf (0/3) Orc:2        Vaults (5/5) D:14
  Crypt (0/3) Vaults:3     Depths (4/4) D:15            Zot (5/5) Depths:4
Gauntlet (visited)

Altars:
Ashenzari
Cheibriados
Dithmenos
Fedhas
Gozag
Hepliaklqana
Makhleb
Okawaru
Sif Muna
Trog
Vehumet
Xom
Yredelemnul
Zin
The Shining One
Jiyva
Lugonu

Shops:
D:5 [   D:11 !   D:13 (   D:14 (   Orc:2 [!(=:   Snake:2 *((   Snake:3 :=:
Snake:4 *=!:   Depths:1 [!!(   Depths:2 (

Portals:
Hell: Depths:1 Depths:2 Depths:3 Depths:4
Abyss: Depths:3
Pandemonium: Depths:1 Depths:2 Depths:3 Depths:4
Ziggurat: Depths:3

Annotations:
D:6 1 runed translucent door, qw's ghost, novice MiBe
D:11 4 runed translucent doors
Lair:2 2 transporters, qw's ghost, journeyman TrCA
Shoals:3 1 runed translucent door
Orc:1 2 transporters
Vaults:1 3 runed translucent doors, Tang's ghost, master DsGl


Message History

The Orb Guardian hits you but does no damage. x2
The red draconian rages.
The death cob completely misses you. You furiously retaliate!
You headbutt the death cob!!
The white draconian rages.
The Orb Guardian hits you but does no damage.
An orb of fire comes into view.
The green draconian monk hits you but does no damage.
The green draconian monk kicks you but does no damage.
The green draconian monk tail-slaps you but does no damage. x2
Your ogre closely misses the electric golem.
The Orb Guardian hits you but does no damage.
You block the green draconian's attack. The green draconian barely misses you.
You block the death cob's attack. The ghost moth stares at you.
You feel your power leaking away. The Orb Guardian hits you.
The Killer Klown teases your ogre with a +12 club of venom!!
Your ogre dies!
Your ogre's corpse disappears in a puff of smoke!
The green draconian monk hits you but does no damage.
The green draconian monk kicks you but does no damage.
The green draconian monk tail-slaps you but does no damage. x2
The green draconian hits you but does no damage.
The green draconian tail-slaps you but does no damage.
You block the Orb Guardian's attack.
54963 ||| DRINKING 7 potions of heal wounds.
You feel much better.
You feel very sick. The death cob misses you.
You block the Orb Guardian's attack. You block the death cob's attack.
The Orb Guardian hits you!
The Killer Klown blinks!
You block the Orb Guardian's attack.
The green draconian monk hits you but does no damage.
The green draconian monk kicks you but does no damage.
You block the green draconian monk's attack.
The green draconian monk closely misses you.
The moth of wrath bites you but does no damage.
The death cob hits you but does no damage.
The Orb Guardian hits you!!!
You die...

#..............
...............
.......*.......
.........p.....
.........*.....
#......9d.....ยค
#...yXpyp.....
#8.pX@#
#...dzdqyq....
#....qyddd.....
.....^.........
...............
...............
...............
.....^.........


You could see 2 orbs of fire, 4 Killer Klowns, an electric golem, a green
draconian monk (berserk), a yellow draconian (berserk), 2 draconians, 2
draconians, a white draconian (berserk), a death cob, 2 Orb Guardians, a yellow
draconian annihilator, a red draconian scorcher, a ghost moth (invisible) and 3
moths of wrath.

Vanquished Creatures
  A dread lich (Vaults:5)
  An orb of fire (Zot:3)
  An ancient lich (Zot:1)
  Mennas (Depths:4)
  Boris (twice) (Vaults:4 Depths:3)
  2 juggernauts
  Saint Roka (Vaults:1)
  Bai Suzhen (Vaults:4)
  5 golden dragons
  2 bone dragons (Zot:1)
  2 hellephants (Depths:4)
  An electric golem (Zot:2)
  An Orb Guardian (Zot:5)
  4 liches
  8 tentacled monstrosities
  7 quicksilver dragons
  Polyphemus (Shoals:3)
  3 titans (Vaults:5)
  3 krakens (Shoals:3)
  5 sphinxes
  Kirke (Lair:5)
  13 death cobs
  Donald (Snake:2)
  9 nagarajas
  7 shadow dragons
  6 storm dragons
  4 tengu reavers
  4 draconian monks
  A cacodemon (Depths:2)
  9 draconian scorchers
  7 frost giants
  Aizul (Vaults:2)
  5 fire giants
  3 draconian knights (Zot:3)
  17 vault wardens
  An iron dragon (Vaults:5)
  4 deep elf sorcerers
  9 draconian shifters
  2 orc warlords
  Louise (Shoals:1)
  18 ironbound preservers
  2 draconian stormcallers
  6 draconian annihilators
  4 war gargoyles
  2 spriggan defenders (Depths:4)
  22 very ugly things
  21 stone giants
  An eleionoma (shapeshifter) (Vaults:5)
  10 ironbound thunderhulks
  14 green draconians
  A deep elf demonologist (Vaults:5)
  3 vampire knights
  A minotaur (Gauntlet)
  9 black draconians
  17 red draconians
  A bunyip (shapeshifter) (Vaults:5)
  16 dire elephants
  2 entropy weavers
  2 deep elf annihilators
  12 yellow draconians
  9 spark wasps
  14 purple draconians
  11 white draconians
  A quicksilver dragon zombie (Depths:2)
  2 ettins
  A deep elf death mage (Vaults:5)
  Josephine (Shoals:1)
  3 merfolk javelineers
  A crystal guardian (Vaults:3)
  9 merfolk impalers
  3 deep elf high priests
  9 yaktaur captains
  6 fire dragons
  9 great orbs of eyes
  A spriggan zombie (Depths:2)
  2 catoblepae
  3 rakshasas
  2 salamander tyrants (Snake:4)
  36 vault guards
  An ogre mage (D:15)
  4 peacekeepers
  6 hydras
  10 anacondas
  3 spriggan air magi
  6 ice dragons
  6 ironbound frosthearts
  A spriggan skeleton (Depths:2)
  12 naga warriors
  4 two-headed ogres
  5 deep troll shamans
  3 merfolk avatars
  16 centaur warriors
  6 tengu warriors
  7 merfolk aquamancers
  7 satyrs
  8 death yaks
  5 hell hogs (Depths:4)
  10 deep troll earth magi
  5 naga sharpshooters
  7 shock serpents
  Urug (D:10)
  3 spriggan berserkers
  A shadow wraith (Vaults:5)
  Nergalle (D:11)
  A sixfirhy (Depths:4)
  A titan skeleton (Depths:2)
  10 hell knights
  8 skeletal warriors
  7 soul eaters
  A fire crab (shapeshifter) (D:15)
  14 sea snakes
  4 salamander mystics
  2 death drakes (Zot:1)
  10 iron trolls
  51 deep trolls
  Lodul (D:11)
  A storm dragon skeleton (Depths:2)
  2 glowing orange brains
  8 naga ritualists
  6 phantasmal warriors
  4 wizards
  A flayed ghost (Vaults:5)
  13 ironbound convokers
  6 necromancers
  A golden dragon skeleton (Depths:2)
  20 lindwurms
  16 orc knights
  13 harpies
  A wolf spider (Lair:5)
  20 fauns
  2 deep elf pyromancers
  11 manticores
  A frost giant zombie (Depths:2)
  A worldbinder (Gauntlet)
  An iron dragon zombie (Depths:2)
  5 mana vipers
  A manticore (shapeshifter) (Vaults:5)
  2 oklob plants
  24 moths of wrath
  42 ugly things
  6 merfolk sirens
  27 elephants
  2 cyclopes
  16 salamanders
  37 black mambas
  An ice statue (D:15)
  5 guardian serpents
  18 vault sentinels
  2 water nymphs (Shoals:3)
  A torpor snail (Lair:5)
  Maurice (D:9)
  2 rust devils (Depths:1)
  2 smoke demons
  2 orange demons (Depths:2)
  3 gargoyles (D:12)
  7 cane toads
  An unseen horror (D:11)
  An unseen horror (shapeshifter) (Vaults:5)
  17 naga magi
  A hellion (Depths:1)
  A kobold demonologist (D:9)
  3 rime drakes
  A freezing wraith (Vaults:5)
  10 komodo dragons
  19 yaktaurs
  A yaktaur (shapeshifter) (D:13)
  3 efreet
  2 ice devils (Depths:1)
  4 tengu conjurers
  A guardian mummy (Zot:1)
  26 merfolk
  6 trolls
  2 red devils (Depths:1)
  A wind drake (shapeshifter) (D:15)
  6 polar bears (Lair:5)
  7 hornets
  Grinder (D:4)
  2 wind drakes
  38 slime creatures
  A raiju (Lair:5)
  3 blink frogs (Lair:4)
  8 snapping turtles
  A tengu simulacrum (Depths:2)
  4 shadows
  7 dream sheep
  3 spriggans
  A culicivora (shapeshifter) (D:15)
  6 wraiths
  2 vampires
  12 wyverns
  10 water elementals
  19 fire elementals (Zot:3)
  32 yaks
  Grum (D:9)
  6 basilisks
  2 hogs (Lair:5)
  3 steam dragons
  An elf skeleton (Vaults:1)
  2 redbacks (Lair:5)
  7 vampire mosquitoes
  A chaos spawn (Depths:1)
  45 nagas
  8 wargs
  5 acid dragons
  18 water moccasins
  A glowing shapeshifter zombie (Depths:2)
  4 hell hounds (Lair:5)
  2 ice beasts
  7 black bears (Lair:5)
  39 orc warriors
  24 wolves
  16 centaurs
  3 sky beasts
  3 boggarts (Gauntlet)
  7 ogres
  2 phantoms (D:9)
  7 kobold brigands
  8 bullfrogs
  2 gnoll sergeants (D:11)
  2 scorpions
  15 wights
  11 killer bees
  A troll zombie (D:9)
  6 howler monkeys
  8 electric eels
  2 hounds
  An iron imp (D:5)
  3 jellies
  10 orc priests
  5 gnoll boudas
  4 iguanas
  17 orc wizards
  5 hell rats (Lair:4)
  7 ogre zombies (D:9)
  Robin (D:2)
  24 gnolls
  3 adders
  A white imp (D:8)
  An ufetubus (D:6)
  A dart slug (D:4)
  87 orcs
  4 bats
  7 endoplasms
  A giant cockroach (D:2)
  17 goblins
  12 hobgoblins
  2 quokkas
  7 ball pythons
  4 frilled lizards
  A goblin skeleton (D:9)
  4 goblin zombies (D:9)
  A hobgoblin skeleton (D:9)
  3 hobgoblin zombies (D:9)
  29 kobolds
  2 orc skeletons (D:9)
  14 orc zombies (D:9)
  7 rats
  8 tentacles (Shoals:3)
1851 creatures vanquished.

Vanquished Creatures (collateral kills)
  Tiamat (Zot:3)
  A tentacled monstrosity (Depths:3)
  A kraken (Shoals:3)
  A storm dragon (Vaults:5)
  A vault warden (Vaults:1)
  3 ironbound preservers
  A very ugly thing (Vaults:5)
  A dire elephant (Lair:3)
  2 merfolk impalers
  2 merfolk javelineers (Shoals:4)
  2 yaktaur captains
  A rakshasa (D:13)
  A great orb of eyes (Vaults:1)
  A vault guard (D:14)
  5 hydras
  A boulder beetle (D:15)
  A merfolk avatar (Shoals:4)
  An ice dragon (Depths:2)
  An ironbound frostheart (Vaults:1)
  An anaconda (Snake:3)
  A two-headed ogre (D:15)
  A merfolk aquamancer (Shoals:4)
  2 deep troll earth magi (Depths:1)
  2 satyrs
  4 death yaks
  2 naga sharpshooters
  A shock serpent (Snake:1)
  An iron troll (Depths:1)
  3 sea snakes (Shoals:4)
  4 deep trolls
  3 orc knights
  2 ironbound convokers (Vaults:1)
  A lindwurm (Vaults:1)
  A mana viper (Snake:1)
  A necromancer (Gauntlet)
  A cyclops (Orc:1)
  2 harpies (Shoals:2)
  2 fauns
  A manticore (D:14)
  A salamander (D:15)
  A merfolk siren (Shoals:2)
  A guardian serpent (Snake:1)
  11 elephants
  4 black mambas
  2 vault sentinels
  7 cane toads
  3 yaktaurs (Vaults:1)
  2 komodo dragons
  A rime drake (Lair:5)
  7 merfolk
  3 trolls
  4 polar bears (Lair:5)
  A meliai (shapeshifter) (Vaults:3)
  A raiju (Lair:5)
  A slime creature (D:14)
  A hornet (Lair:5)
  2 blink frogs (Lair:4)
  3 dream sheep (Lair:5)
  A frost giant simulacrum (Vaults:1)
  A shadow (Gauntlet)
  A water elemental (Shoals:1)
  2 wyverns (Lair:5)
  14 yaks
  A hog (Lair:5)
  7 wargs
  2 nagas (Snake:3)
  2 water moccasins (Lair:5)
  9 hell hounds (Lair:5)
  8 orc warriors
  4 black bears (Lair:5)
  A sky beast (shapeshifter) (D:14)
  9 wolves
  A centaur (Shoals:2)
  3 ogres
  An elf simulacrum (Vaults:1)
  A gnoll bouda (Orc:1)
  2 orc wizards
  A gnoll (Orc:1)
  12 orcs
  A goblin (D:9)
  A hobgoblin (D:9)
  3 tentacles (Shoals:3)
208 creatures vanquished.

Vanquished Creatures (others)
  A shadow dragon (Depths:1)
  A draconian stormcaller (Zot:3)
  Erica (Orc:1)
  A deep troll (Vaults:5)
  A mana viper (Snake:3)
  A black mamba (Lair:5)
  2 humans (Lair:5)
  A naga (Snake:3)
  120 fungi
  277 plants
  7 tentacles (Shoals:3)
  A withered plant (Gauntlet)
414 creatures vanquished.

Grand Total: 2473 creatures vanquished

Notes
Turn   | Place    | Note
-------+----------+-------------------------------------------
     0 | D:1      | qw the Minotaur Berserker began the quest for the Orb.
     0 | D:1      | Reached XP level 1. HP: 19/19 MP: 0/0
     0 | D:1      | 0 ||| qw: Version: 0.1-a-119-g272c26d
     0 | D:1      | 0 ||| qw: Game counter: 10999
     0 | D:1      | 0 ||| qw: Always use a shield: true
     0 | D:1      | 0 ||| qw: Do Orc after D:15 true
     0 | D:1      | 0 ||| qw: Do second Lair branch before Depths: true
     0 | D:1      | 0 ||| qw: Lair rune preference: random
     0 | D:1      | 0 ||| qw: Plans: Normal
     0 | D:1      | 0 ||| PLANNING D:1-11
   290 | D:1      | Reached XP level 2. HP: 26/26 MP: 1/1
   718 | D:1      | Found a faded altar of an unknown god.
   753 | D:1      | 753 ||| UPGRADING to +0 cloak.
   758 | D:1      | 758 ||| UPGRADING to ring of protection from fire.
   759 | D:1      | 759 ||| READING 3 scrolls labelled ANEGAE KIXZUOHYO.
   760 | D:1      | 760 ||| READING scroll labelled VEREANK GUMEYK.
   765 | D:1      | 765 ||| READING scroll labelled CAILUL ETURIEK.
   766 | D:1      | 766 ||| READING 2 scrolls of identify.
   766 | D:1      | 766 ||| IDENTIFYING fuming dark potion
   767 | D:1      | 767 ||| DROPPING potion of degeneration.
   837 | D:2      | 837 ||| INVOKING Berserk.
   839 | D:2      | Reached XP level 3. HP: 21/31 MP: 2/2
   921 | D:2      | 921 ||| FLEEEEING.
   922 | D:2      | 922 ||| FLEEEEING.
   923 | D:2      | 923 ||| FLEEEEING.
   924 | D:2      | 924 ||| FLEEEEING.
   934 | D:2      | 934 ||| FLEEEEING.
   935 | D:2      | 935 ||| FLEEEEING.
   936 | D:2      | 936 ||| STAIRDANCE
  1001 | D:1      | 1001 ||| UPGRADING to +1 pair of boots.
  1006 | D:1      | 1006 ||| READING 2 scrolls labelled FEQ XOCIAKLIF.
  1006 | D:1      | Identified 2 scrolls of acquirement
  1006 | D:1      | 1006 ||| ACQUIRING +1 vorpal war axe
  1006 | D:1      | Acquired a +1 vorpal war axe
  1008 | D:1      | 1008 ||| SWAPPING to +1 vorpal war axe.
  1009 | D:1      | 1009 ||| DROPPING +0 hand axe.
  1010 | D:1      | 1010 ||| READING scroll of acquirement.
  1010 | D:1      | 1010 ||| ACQUIRING 999 gold pieces
  1010 | D:1      | Acquired 999 gold pieces
  1028 | D:2      | Reached ** piety under Trog
  1135 | D:2      | 1135 ||| READING scroll of acquirement.
  1135 | D:2      | 1135 ||| ACQUIRING +13 crystal plate armour of Tapewirgh
                  | {Rampage Drain Int+9 Dex-4}
  1135 | D:2      | Acquired the +13 crystal plate armour of Tapewirgh {Rampage
                  | Drain Int+9 Dex-4}
  1137 | D:2      | 1137 ||| UPGRADING to +13 crystal plate armour of Tapewirgh
                  | {Rampage Drain Int+9 Dex-4}.
  1147 | D:2      | 1147 ||| DROPPING +0 animal skin.
  1209 | D:2      | Noticed Robin
  1213 | D:2      | 1213 ||| INVOKING Berserk.
  1215 | D:2      | Killed Robin
  1312 | D:2      | Reached skill level 3 in Armour
  1495 | D:2      | 1495 ||| UPGRADING to amulet of the acrobat.
  1500 | D:2      | 1500 ||| READING 3 scrolls labelled XEOX BUKYLOSE.
  1501 | D:2      | 1501 ||| READING scroll labelled YTYROSTORELO.
  1502 | D:2      | 1502 ||| READING scroll labelled ROETAN ORHU.
  1603 | D:2      | 1603 ||| DRINKING 2 ruby potions.
  1604 | D:2      | 1604 ||| DROPPING 2 scrolls of magic mapping.
  1634 | D:3      | 1634 ||| Stepping ~*~*~tactically~*~*~ (hiding).
  1736 | D:3      | 1736 ||| Stepping ~*~*~tactically~*~*~ (stealth).
  1737 | D:3      | 1737 ||| DROPPING +0 club.
  1740 | D:3      | 1740 ||| Stepping ~*~*~tactically~*~*~ (stealth).
  1741 | D:3      | 1741 ||| Stepping ~*~*~tactically~*~*~ (stealth).
  1742 | D:3      | 1742 ||| Stepping ~*~*~tactically~*~*~ (stealth).
  1752 | D:3      | 1752 ||| Stepping ~*~*~tactically~*~*~ (stealth).
  1760 | D:3      | 1760 ||| Stepping ~*~*~tactically~*~*~ (stealth).
  1766 | D:3      | Reached XP level 4. HP: 39/39 MP: 3/3
  1780 | D:3      | 1780 ||| Stepping ~*~*~tactically~*~*~ (stealth).
  1783 | D:3      | 1783 ||| Stepping ~*~*~tactically~*~*~ (stealth).
  1784 | D:3      | 1784 ||| Stepping ~*~*~tactically~*~*~ (stealth).
  1878 | D:3      | Identified the +1 ring mail of Life {Str+4 Int+5 Slay-5}
  1984 | D:3      | 1984 ||| Stepping ~*~*~tactically~*~*~ (hiding).
  1996 | D:3      | 1996 ||| Stepping ~*~*~tactically~*~*~ (stealth).
  2330 | D:3      | 2330 ||| READING scroll labelled VENUQI YREDU.
  2331 | D:3      | 2331 ||| DRINKING 2 fizzy red potions.
  2341 | D:4      | 2341 ||| STAIRDANCE
  2343 | D:3      | 2343 ||| INVOKING Berserk.
  2346 | D:3      | Reached skill level 6 in Axes
  2452 | D:4      | Noticed Grinder
  2452 | D:4      | Paralysed by Grinder for 4 turns
  2456 | D:4      | 2456 ||| STAIRDANCE
  2458 | D:3      | 2458 ||| INVOKING Berserk.
  2545 | D:4      | 2545 ||| INVOKING Trog's Hand.
  2546 | D:4      | 2546 ||| STAIRDANCE
  2548 | D:3      | 2548 ||| INVOKING Berserk.
  2552 | D:3      | Reached XP level 5. HP: 45/45 MP: 4/4
  2671 | D:4      | 2671 ||| STAIRDANCE
  2671 | D:4      | Paralysed by Grinder for 4 turns
  2675 | D:4      | 2675 ||| INVOKING Trog's Hand.
  2676 | D:4      | 2676 ||| INVOKING Berserk.
  2686 | D:4      | Killed Grinder
  2687 | D:4      | Reached XP level 6. HP: 51/51 MP: 5/5
  2854 | D:4      | Found a staircase to the Ecumenical Temple.
  2864 | D:4      | 2864 ||| Stepping ~*~*~tactically~*~*~ (hiding).
  2978 | D:4      | 2978 ||| Stepping ~*~*~tactically~*~*~ (stealth).
  2992 | D:4      | 2992 ||| Stepping ~*~*~tactically~*~*~ (stealth).
  2993 | D:4      | 2993 ||| Stepping ~*~*~tactically~*~*~ (stealth).
  3402 | D:4      | 3402 ||| DROPPING amulet of magic regeneration.
  3403 | D:4      | 3403 ||| READING scroll labelled OTEOPA FARYCWE.
  3404 | D:4      | 3404 ||| DRINKING 2 cyan potions.
  3405 | D:4      | 3405 ||| READING 4 scrolls of identify.
  3405 | D:4      | 3405 ||| IDENTIFYING silvery potion
  3406 | D:4      | 3406 ||| READING 3 scrolls of identify.
  3406 | D:4      | 3406 ||| IDENTIFYING lumpy dark potion
  3407 | D:4      | 3407 ||| READING 2 scrolls of identify.
  3407 | D:4      | 3407 ||| IDENTIFYING bubbling coppery potion
  3408 | D:4      | 3408 ||| DROPPING potion of flight.
  3409 | D:4      | 3409 ||| DROPPING potion of lignification.
  3416 | D:5      | Entered Level 5 of the Dungeon
  3430 | D:5      | Found a radiant altar of Vehumet.
  3513 | D:5      | Noticed a wyvern
  3520 | D:5      | Killed a wyvern
  3521 | D:5      | Reached XP level 7. HP: 59/59 MP: 6/6
  3523 | D:5      | 3523 ||| Stepping ~*~*~tactically~*~*~ (hiding).
  3524 | D:5      | 3524 ||| Stepping ~*~*~tactically~*~*~ (hiding).
  3526 | D:5      | 3526 ||| INVOKING Berserk.
  3830 | D:5      | Found Numaf's Antique Armour Shop.
  3840 | D:5      | 3840 ||| BUYING fine buckler (275 gold).
  3840 | D:5      | Bought a fine buckler for 275 gold pieces
  3840 | D:5      | Identified the +1 buckler of the Silversmith {+Inv rPois
                  | MP-9 Int+2} (You bought it in a shop on level 5 of the
                  | Dungeon)
  4000 | D:5      | Found a faded altar of an unknown god.
  4000 | D:5      | Found a faded altar of an unknown god.
  4001 | D:5      | Found a faded altar of an unknown god.
  4003 | D:5      | Found a faded altar of an unknown god.
  4003 | D:5      | Found a hazy altar of Hepliaklqana.
  4308 | D:5      | Found a snail-covered altar of Cheibriados.
  4375 | D:5      | 4375 ||| UPGRADING to +1 buckler of the Silversmith {+Inv
                  | rPois MP-9 Int+2}.
  4380 | D:5      | 4380 ||| READING 2 scrolls labelled RUSKIR JU BUKH.
  4381 | D:5      | 4381 ||| READING scroll of enchant weapon.
  4381 | D:5      | 4381 ||| ENCHANTING +2 war axe of protection.
  4382 | D:5      | 4382 ||| READING 3 scrolls of identify.
  4382 | D:5      | 4382 ||| IDENTIFYING fizzy white potion
  4411 | D:6      | Reached skill level 1 in Shields
  4463 | D:6      | 4463 ||| Stepping ~*~*~tactically~*~*~ (hiding).
  4478 | D:6      | 4478 ||| Stepping ~*~*~tactically~*~*~ (stealth).
  4495 | D:6      | 4495 ||| Stepping ~*~*~tactically~*~*~ (stealth).
  4500 | D:6      | 4500 ||| Stepping ~*~*~tactically~*~*~ (hiding).
  4506 | D:6      | 4506 ||| Stepping ~*~*~tactically~*~*~ (stealth).
  4509 | D:6      | 4509 ||| INVOKING Berserk.
  4686 | D:6      | 4686 ||| INVOKING Berserk.
  4688 | D:6      | Reached skill level 9 in Axes
  4862 | D:6      | Reached skill level 3 in Shields
  4879 | D:6      | Reached skill level 6 in Armour
  4891 | D:6      | 4891 ||| READING scroll of acquirement.
  4891 | D:6      | 4891 ||| ACQUIRING +0 kite shield of cold resistance
  4891 | D:6      | Acquired a +0 kite shield of cold resistance
  4893 | D:6      | 4893 ||| UPGRADING to +0 kite shield of cold resistance.
  4903 | D:6      | 4903 ||| DROPPING +1 buckler of the Silversmith {+Inv rPois
                  | MP-9 Int+2}.
  4985 | D:6      | Reached XP level 8. HP: 66/66 MP: 7/7
  5011 | D:6      | 5011 ||| DRINKING 5 potions of curing.
  5011 | D:6      | 5011 ||| (to cure confusion)
  5108 | D:6      | Found a runed translucent door.
  5109 | D:6      | Noticed qw's ghost (novice MiBe)
  5344 | D:6      | Found an iron altar of Okawaru.
  5414 | D:6      | 5414 ||| UPGRADING to ring of protection from fire.
  5415 | D:6      | 5415 ||| READING scroll labelled PIEFAL QUINTAFF.
  5429 | D:7      | 5429 ||| Stepping ~*~*~tactically~*~*~ (hiding).
  5430 | D:7      | 5430 ||| Stepping ~*~*~tactically~*~*~ (hiding).
  5431 | D:7      | 5431 ||| Stepping ~*~*~tactically~*~*~ (hiding).
  5432 | D:7      | 5432 ||| Stepping ~*~*~tactically~*~*~ (hiding).
  5433 | D:7      | 5433 ||| STAIRDANCE
  5539 | D:7      | 5539 ||| STAIRDANCE
  5548 | D:7      | 5548 ||| STAIRDANCE
  5550 | D:6      | 5550 ||| INVOKING Berserk.
  5556 | D:6      | Reached skill level 6 in Shields
  5712 | D:7      | 5712 ||| STAIRDANCE
  5838 | D:7      | 5838 ||| Stepping ~*~*~tactically~*~*~ (hiding).
  5839 | D:7      | 5839 ||| Stepping ~*~*~tactically~*~*~ (hiding).
  5843 | D:7      | 5843 ||| INVOKING Berserk.
  5925 | D:7      | 5925 ||| Stepping ~*~*~tactically~*~*~ (stealth).
  5926 | D:7      | 5926 ||| Stepping ~*~*~tactically~*~*~ (stealth).
  5939 | D:7      | 5939 ||| DROPPING +0 flail.
  6112 | D:7      | 6112 ||| Stepping ~*~*~tactically~*~*~ (stealth).
  6113 | D:7      | 6113 ||| Stepping ~*~*~tactically~*~*~ (hiding).
  6124 | D:7      | Reached skill level 1 in Throwing
  6149 | D:7      | 6149 ||| Stepping ~*~*~tactically~*~*~ (stealth).
  6150 | D:7      | 6150 ||| Stepping ~*~*~tactically~*~*~ (stealth).
  6153 | D:7      | 6153 ||| Stepping ~*~*~tactically~*~*~ (stealth).
  6157 | D:7      | Reached XP level 9. HP: 73/74 MP: 8/8
  6157 | D:7      | 6157 ||| Stepping ~*~*~tactically~*~*~ (stealth).
  6158 | D:7      | 6158 ||| Stepping ~*~*~tactically~*~*~ (stealth).
  6159 | D:7      | 6159 ||| Stepping ~*~*~tactically~*~*~ (stealth).
  6163 | D:7      | Reached *** piety under Trog
  6170 | D:7      | Reached skill level 6 in Fighting
  6333 | D:7      | 6333 ||| Stepping ~*~*~tactically~*~*~ (hiding).
  6337 | D:7      | 6337 ||| INVOKING Berserk.
  6494 | D:7      | Found a glowing golden altar of the Shining One.
  6522 | D:7      | Found a basalt altar of Yredelemnul.
  6524 | D:7      | Noticed a profane servitor
  6576 | D:7      | Found an opulent altar of Gozag.
  6586 | D:7      | You fall into a shaft and drop 2 floors!
  6609 | D:9      | 6609 ||| READING scroll of acquirement.
  6609 | D:9      | 6609 ||| ACQUIRING +1 pair of boots "Musazejo" {rElec
                  | rPois}
  6609 | D:9      | Acquired the +1 pair of boots "Musazejo" {rElec rPois}
  6611 | D:9      | 6611 ||| UPGRADING to +1 pair of boots "Musazejo" {rElec
                  | rPois}.
  6621 | D:9      | 6621 ||| DROPPING +1 pair of boots.
  6643 | D:9      | 6643 ||| Stepping ~*~*~tactically~*~*~ (stealth).
  6645 | D:9      | Found a staircase to the Orcish Mines.
  6646 | D:9      | 6646 ||| Stepping ~*~*~tactically~*~*~ (stealth).
  6647 | D:9      | 6647 ||| Stepping ~*~*~tactically~*~*~ (stealth).
  6650 | D:9      | 6650 ||| Stepping ~*~*~tactically~*~*~ (stealth).
  6651 | D:9      | 6651 ||| Stepping ~*~*~tactically~*~*~ (stealth).
  6655 | D:9      | 6655 ||| Stepping ~*~*~tactically~*~*~ (stealth).
  6663 | D:9      | 6663 ||| Stepping ~*~*~tactically~*~*~ (stealth).
  6665 | D:9      | 6665 ||| Stepping ~*~*~tactically~*~*~ (stealth).
  6680 | D:9      | Reached **** piety under Trog
  6817 | D:9      | Noticed a kobold demonologist
  6817 | D:9      | 6817 ||| Stepping ~*~*~tactically~*~*~ (stealth).
  6819 | D:9      | 6819 ||| Stepping ~*~*~tactically~*~*~ (stealth).
  6832 | D:9      | Noticed an orange demon
  6832 | D:9      | Killed a kobold demonologist
  6833 | D:9      | Reached skill level 12 in Axes
  6878 | D:9      | 6878 ||| READING scroll labelled IHYNIORUEG.
  6879 | D:9      | 6879 ||| READING scroll labelled VISURU VAEFE.
  6880 | D:9      | 6880 ||| READING 2 scrolls of identify.
  6880 | D:9      | 6880 ||| IDENTIFYING pink potion
  6881 | D:9      | 6881 ||| DROPPING potion of attraction.
  6884 | D:9      | 6884 ||| Stepping ~*~*~tactically~*~*~ (hiding).
  6892 | D:9      | Noticed Maurice
  6893 | D:9      | 6893 ||| Stepping ~*~*~tactically~*~*~ (stealth).
  6895 | D:9      | 6895 ||| Stepping ~*~*~tactically~*~*~ (hiding).
  6896 | D:9      | 6896 ||| Stepping ~*~*~tactically~*~*~ (hiding).
  6897 | D:9      | 6897 ||| Stepping ~*~*~tactically~*~*~ (hiding).
  7015 | D:9      | 7015 ||| Invisible monster not found???
  7020 | D:9      | Killed Maurice
  7021 | D:9      | Reached XP level 10. HP: 53/84 MP: 9/9
  7027 | D:9      | Noticed Grum
  7030 | D:9      | 7030 ||| DRINKING potion of cancellation.
  7032 | D:9      | 7032 ||| INVOKING Berserk.
  7037 | D:9      | Killed Grum
  7184 | D:8      | 7184 ||| INVOKING Berserk.
  7190 | D:8      | Reached skill level 9 in Shields
  7195 | D:8      | Reached ***** piety under Trog
  7218 | D:8      | Reached skill level 9 in Armour
  7222 | D:8      | 7222 ||| FLEEEEING.
  7223 | D:8      | 7223 ||| FLEEEEING.
  7224 | D:8      | 7224 ||| STAIRDANCE
  7576 | D:7      | 7576 ||| Stepping ~*~*~tactically~*~*~ (stealth).
  7579 | D:7      | 7579 ||| Stepping ~*~*~tactically~*~*~ (stealth).
  7974 | D:7      | Noticed an angel
  8002 | D:8      | 8002 ||| INVOKING Berserk.
  8031 | D:8      | 8031 ||| FLEEEEING.
  8032 | D:8      | 8032 ||| FLEEEEING.
  8033 | D:8      | 8033 ||| FLEEEEING.
  8034 | D:8      | 8034 ||| FLEEEEING.
  8035 | D:8      | 8035 ||| FLEEEEING.
  8036 | D:8      | 8036 ||| FLEEEEING.
  8037 | D:8      | 8037 ||| FLEEEEING.
  8048 | D:8      | 8048 ||| Stepping ~*~*~tactically~*~*~ (stealth).
  8049 | D:8      | 8049 ||| Stepping ~*~*~tactically~*~*~ (stealth).
  8050 | D:8      | 8050 ||| Stepping ~*~*~tactically~*~*~ (stealth).
  8051 | D:8      | 8051 ||| Stepping ~*~*~tactically~*~*~ (stealth).
  8054 | D:8      | 8054 ||| INVOKING Berserk.
  8174 | D:8      | Noticed a purple ugly thing
  8189 | D:8      | Killed a purple ugly thing
  8190 | D:8      | Reached XP level 11. HP: 95/95 MP: 10/10
  8202 | D:8      | 8202 ||| FLEEEEING.
  8205 | D:8      | 8205 ||| FLEEEEING.
  8206 | D:8      | 8206 ||| FLEEEEING.
  8207 | D:8      | 8207 ||| FLEEEEING.
  8208 | D:8      | 8208 ||| FLEEEEING.
  8209 | D:8      | 8209 ||| FLEEEEING.
  8210 | D:8      | 8210 ||| FLEEEEING.
  8212 | D:8      | 8212 ||| Stepping ~*~*~tactically~*~*~ (hiding).
  8213 | D:8      | 8213 ||| FLEEEEING.
  8214 | D:8      | 8214 ||| Stepping ~*~*~tactically~*~*~ (hiding).
  8215 | D:8      | 8215 ||| FLEEEEING.
  8335 | D:8      | 8335 ||| INVOKING Berserk.
  8345 | D:8      | 8345 ||| INVOKING Brothers in Arms.
  8385 | D:8      | 8385 ||| Stepping ~*~*~tactically~*~*~ (stealth).
  8387 | D:8      | 8387 ||| INVOKING Berserk.
  8435 | D:8      | 8435 ||| FLEEEEING.
  8623 | D:8      | 8623 ||| Stepping ~*~*~tactically~*~*~ (stealth).
  8887 | D:8      | Found the +13 scythe of Curses {drain, Drain}
  8891 | D:8      | 8891 ||| UPGRADING to +4 ring of evasion.
  8893 | D:8      | 8893 ||| READING scroll labelled ONLOCW WAPUECE.
  8894 | D:8      | 8894 ||| DRINKING 2 fuming clear potions.
  8895 | D:8      | 8895 ||| READING 2 scrolls of identify.
  8895 | D:8      | 8895 ||| IDENTIFYING coppery potion
  8896 | D:8      | 8896 ||| DROPPING potion of berserk rage.
  9140 | D:9      | Noticed a skeletal warrior
  9141 | D:9      | 9141 ||| Stepping ~*~*~tactically~*~*~ (hiding).
  9142 | D:9      | 9142 ||| Stepping ~*~*~tactically~*~*~ (hiding).
  9144 | D:9      | 9144 ||| INVOKING Berserk.
  9151 | D:9      | Killed a skeletal warrior
  9238 | D:9      | Noticed a skeletal warrior
  9239 | D:9      | 9239 ||| Stepping ~*~*~tactically~*~*~ (stealth).
  9240 | D:9      | 9240 ||| Stepping ~*~*~tactically~*~*~ (stealth).
  9289 | D:9      | 9289 ||| Stepping ~*~*~tactically~*~*~ (stealth).
  9316 | D:9      | Received a gift from Trog
  9316 | D:9      | Found the +14 obsidian axe {vorpal, Mesm Drain Fly SInv}
  9345 | D:9      | 9345 ||| SWAPPING to +14 obsidian axe {vorpal, Mesm Drain
                  | Fly SInv}.
  9346 | D:9      | 9346 ||| DROPPING +3 war axe of protection.
  9485 | D:9      | Noticed a skeletal warrior
  9486 | D:9      | 9486 ||| Stepping ~*~*~tactically~*~*~ (hiding).
  9490 | D:9      | 9490 ||| INVOKING Berserk.
  9490 | D:9      | Noticed a skeletal warrior
  9491 | D:9      | Noticed a skeletal warrior
  9494 | D:9      | Killed a skeletal warrior
  9499 | D:9      | Killed a skeletal warrior
  9500 | D:9      | Reached skill level 15 in Axes
  9503 | D:9      | Killed a skeletal warrior
  9503 | D:9      | Killed a skeletal warrior
  9504 | D:9      | Reached skill level 9 in Fighting
  9701 | D:9      | Identified the +0 scale mail of Bobefus {rElec Str+5}
  9738 | D:9      | 9738 ||| INVOKING Brothers in Arms.
  9739 | D:9      | 9739 ||| INVOKING Brothers in Arms.
  9756 | D:9      | 9756 ||| READING scroll of acquirement.
  9756 | D:9      | 9756 ||| ACQUIRING +2 cloak of Uqeadwa {Fly Will+ Str+3
                  | Dex+3}
  9756 | D:9      | Acquired the +2 cloak of Uqeadwa {Fly Will+ Str+3 Dex+3}
  9758 | D:9      | 9758 ||| UPGRADING to +1 cloak of preservation.
  9768 | D:9      | 9768 ||| DROPPING +0 cloak.
  9769 | D:9      | 9769 ||| UPGRADING to +0 pair of gloves.
  9774 | D:9      | 9774 ||| UPGRADING to +2 cloak of Uqeadwa {Fly Will+ Str+3
                  | Dex+3}.
  9784 | D:9      | 9784 ||| DROPPING +1 cloak of preservation.
  9914 | D:9      | 9914 ||| READING 3 scrolls of identify.
  9914 | D:9      | 9914 ||| IDENTIFYING smoky sapphire potion
  9915 | D:9      | 9915 ||| DROPPING potion of brilliance.
  9930 | D:10     | Entered Level 10 of the Dungeon
  9934 | D:10     | Noticed Urug
  9935 | D:10     | 9935 ||| Stepping ~*~*~tactically~*~*~ (stealth).
  9936 | D:10     | 9936 ||| INVOKING Brothers in Arms.
  9940 | D:10     | Killed Urug
  9950 | D:10     | 9950 ||| DROPPING +2 flail of freezing.
 10047 | D:10     | Reached skill level 3 in Throwing
 10086 | D:10     | Noticed a two-headed ogre
 10090 | D:10     | 10090 ||| INVOKING Brothers in Arms.
 10091 | D:10     | Killed a two-headed ogre
 10277 | D:10     | Reached XP level 12. HP: 105/105 MP: 11/11
 10279 | D:10     | Found a blossoming altar of Fedhas.
 10298 | D:10     | Found a glowing silver altar of Zin.
 10305 | D:10     | Found a shimmering blue altar of Sif Muna.
 10305 | D:10     | Found a burning altar of Makhleb.
 10318 | D:10     | Found a broken altar of Ashenzari.
 10453 | D:10     | 10453 ||| DROPPING amulet of faith.
 10490 | D:11     | Found a runed translucent door.
 10506 | D:11     | 10506 ||| Stepping ~*~*~tactically~*~*~ (hiding).
 10510 | D:11     | Found a runed translucent door.
 10557 | D:11     | Found a runed translucent door.
 10567 | D:11     | 10567 ||| Stepping ~*~*~tactically~*~*~ (stealth).
 10585 | D:11     | Found a runed translucent door.
 10726 | D:11     | Noticed a death yak
 10727 | D:11     | 10727 ||| INVOKING Brothers in Arms.
 10728 | D:11     | 10728 ||| INVOKING Brothers in Arms.
 10729 | D:11     | 10729 ||| INVOKING Brothers in Arms.
 10730 | D:11     | Found a staircase to the Lair.
 10730 | D:11     | Noticed a death yak
 10732 | D:11     | Noticed Nergalle
 10732 | D:11     | Noticed a death yak
 10733 | D:11     | Killed a death yak
 10734 | D:11     | 10734 ||| INVOKING Berserk.
 10734 | D:11     | Noticed a death yak
 10738 | D:11     | Noticed a death yak
 10739 | D:11     | Killed a death yak
 10741 | D:11     | Noticed a death yak
 10744 | D:11     | Killed Nergalle
 10746 | D:11     | Killed a death yak
 10748 | D:11     | Killed a death yak
 10751 | D:11     | Killed a death yak
 10756 | D:11     | Killed a death yak
 10879 | D:11     | Found Kuerem's Distillery.
 10887 | D:11     | 10887 ||| BUYING 2 potions of curing (66 gold).
 10887 | D:11     | Bought 2 potions of curing for 66 gold pieces
 10887 | D:11     | 10887 ||| BUYING potion of curing (33 gold).
 10887 | D:11     | Bought a potion of curing for 33 gold pieces
 10887 | D:11     | 10887 ||| BUYING potion of curing (33 gold).
 10887 | D:11     | Bought a potion of curing for 33 gold pieces
 10887 | D:11     | 10887 ||| BUYING potion of curing (33 gold).
 10887 | D:11     | Bought a potion of curing for 33 gold pieces
 10887 | D:11     | 10887 ||| BUYING potion of curing (33 gold).
 10887 | D:11     | Bought a potion of curing for 33 gold pieces
 10887 | D:11     | 10887 ||| BUYING potion of haste (110 gold).
 10887 | D:11     | Bought a potion of haste for 110 gold pieces
 10887 | D:11     | 10887 ||| BUYING potion of might (44 gold).
 10887 | D:11     | Bought a potion of might for 44 gold pieces
 11058 | D:11     | 11058 ||| Stepping ~*~*~tactically~*~*~ (stealth).
 11202 | D:11     | 11202 ||| Stepping ~*~*~tactically~*~*~ (stealth).
 11211 | D:11     | Noticed Lodul
 11218 | D:11     | Killed Lodul
 11222 | D:11     | Noticed an eight-headed hydra
 11223 | D:11     | 11223 ||| Stepping ~*~*~tactically~*~*~ (stealth).
 11224 | D:11     | 11224 ||| Stepping ~*~*~tactically~*~*~ (stealth).
 11225 | D:11     | 11225 ||| INVOKING Brothers in Arms.
 11226 | D:11     | 11226 ||| INVOKING Brothers in Arms.
 11228 | D:11     | Killed a nine-headed hydra
 11229 | D:11     | Reached skill level 3 in Dodging
 11431 | D:11     | 11431 ||| PLANNING LAIR
 11431 | D:11     | 11431 ||| DROPPING amulet of guardian spirit.
 11480 | Lair:1   | Entered Level 1 of the Lair of Beasts
 11556 | Lair:1   | Reached skill level 12 in Armour
 11607 | Lair:1   | Noticed a seven-headed hydra
 11608 | Lair:1   | 11608 ||| INVOKING Brothers in Arms.
 11609 | Lair:1   | 11609 ||| INVOKING Brothers in Arms.
 11614 | Lair:1   | Killed a nine-headed hydra
 11709 | Lair:1   | Noticed a six-headed hydra
 11710 | Lair:1   | 11710 ||| INVOKING Brothers in Arms.
 11711 | Lair:1   | 11711 ||| INVOKING Brothers in Arms.
 11715 | Lair:1   | Killed a nine-headed hydra
 11917 | Lair:1   | Noticed an eight-headed hydra
 11918 | Lair:1   | 11918 ||| INVOKING Brothers in Arms.
 11923 | Lair:1   | Killed a ten-headed hydra
 12120 | Lair:2   | 12120 ||| PLANNING GAUNTLET
 12148 | Lair:2   | 12148 ||| Stepping ~*~*~tactically~*~*~ (hiding).
 12154 | Lair:2   | Reached XP level 13. HP: 113/113 MP: 12/12
 12232 | Lair:2   | Reached skill level 18 in Axes
 12256 | Lair:2   | 12256 ||| READING scroll of acquirement.
 12256 | Lair:2   | 12256 ||| ACQUIRING +3 kite shield of Wobaush {Regen+}
 12256 | Lair:2   | Acquired the +3 kite shield of Wobaush {Regen+}
 12258 | Lair:2   | 12258 ||| UPGRADING to +3 kite shield of Wobaush {Regen+}.
 12268 | Lair:2   | 12268 ||| DROPPING +0 kite shield of cold resistance.
 12418 | Lair:2   | Found a gate leading to a gauntlet.
 12419 | Lair:2   | 12419 ||| READING 3 scrolls of identify.
 12419 | Lair:2   | 12419 ||| IDENTIFYING viscous clear potion
 12420 | Lair:2   | 12420 ||| READING 2 scrolls of identify.
 12420 | Lair:2   | 12420 ||| IDENTIFYING viscous pink potion
 12421 | Lair:2   | 12421 ||| DROPPING potion of ambrosia.
 12430 | Gauntlet | Entered a Gauntlet
 12430 | Gauntlet | Found a transporter.
 12441 | Gauntlet | Found a transporter.
 12444 | Gauntlet | Found a transporter.
 12445 | Gauntlet | Found a transporter.
 12453 | Gauntlet | Found a transporter.
 12456 | Gauntlet | Found a transporter.
 12457 | Gauntlet | Found a transporter.
 12467 | Gauntlet | Found a transporter.
 12469 | Gauntlet | Found a transporter.
 12470 | Gauntlet | Found a transporter.
 12478 | Gauntlet | Found a transporter.
 12482 | Gauntlet | Found a transporter.
 12483 | Gauntlet | Found a transporter.
 12489 | Gauntlet | Found a runed translucent gate.
 12491 | Gauntlet | Found a runed translucent gate.
 12491 | Gauntlet | Found a transporter.
 12493 | Gauntlet | Found a runed translucent gate.
 12587 | Gauntlet | 12587 ||| INVOKING Trog's Hand.
 12590 | Gauntlet | 12590 ||| INVOKING Berserk.
 12706 | Gauntlet | 12706 ||| Stepping randomly (stuck).
 12745 | Gauntlet | Identified the +0 hat "Gatzixza" {+Blink rN+ Will- SInv}
 12768 | Gauntlet | 12768 ||| INVOKING Berserk.
 12899 | Gauntlet | 12899 ||| READING scroll of enchant armour.
 12899 | Gauntlet | 12899 ||| ENCHANTING +0 pair of gloves.
 12922 | Gauntlet | 12922 ||| DROPPING +6 ring of intelligence.
 12936 | Gauntlet | Identified the +3 fire dragon scales of Instinct {rF++ rC-
                  | Stlth+}
 12936 | Gauntlet | Noticed a minotaur
 12947 | Gauntlet | Killed a minotaur
 12957 | Gauntlet | Identified the +3 scale mail "Viduunuv" {Will+ Str-5 Int+5
                  | Stlth+}
 12957 | Gauntlet | Identified the +4 trident of the Sage {antimagic, Int+3}
 12960 | Gauntlet | Identified the +1 robe "Belaawy" {Rampage SInv}
 12997 | Lair:2   | 12997 ||| PLANNING LAIR
 13015 | Lair:2   | Noticed qw's ghost (journeyman TrCA)
 13025 | Lair:2   | Found a bloodstained altar of Trog.
 13034 | Lair:2   | Found a transporter.
 13040 | Lair:2   | Found a transporter.
 13229 | Lair:2   | 13229 ||| Stepping ~*~*~tactically~*~*~ (hiding).
 13248 | Lair:2   | Found a staircase to the Shoals.
 13516 | Lair:3   | 13516 ||| Stepping ~*~*~tactically~*~*~ (hiding).
 13517 | Lair:3   | 13517 ||| Stepping ~*~*~tactically~*~*~ (hiding).
 13652 | Lair:3   | Reached skill level 12 in Shields
 13693 | Lair:3   | 13693 ||| Stepping ~*~*~tactically~*~*~ (hiding).
 13694 | Lair:3   | 13694 ||| Stepping ~*~*~tactically~*~*~ (hiding).
 13695 | Lair:3   | 13695 ||| Stepping ~*~*~tactically~*~*~ (hiding).
 13695 | Lair:3   | Found a staircase to the Snake Pit.
 13696 | Lair:3   | 13696 ||| Stepping ~*~*~tactically~*~*~ (hiding).
 13697 | Lair:3   | 13697 ||| Stepping ~*~*~tactically~*~*~ (hiding).
 13739 | Lair:3   | 13739 ||| Stepping ~*~*~tactically~*~*~ (stealth).
 13775 | Lair:3   | Reached skill level 6 in Throwing
 13776 | Lair:3   | Found a shadowy altar of Dithmenos.
 13798 | Lair:3   | You are sucked into a shaft and drop 2 floors!
 13798 | Lair:5   | Entered Level 5 of the Lair of Beasts
 13823 | Lair:5   | Found a staircase to the Slime Pits.
 13823 | Lair:5   | Found a viscous altar of Jiyva.
 13867 | Lair:5   | 13867 ||| Stepping ~*~*~tactically~*~*~ (hiding).
 13873 | Lair:5   | 13873 ||| INVOKING Berserk.
 13878 | Lair:5   | Reached skill level 12 in Fighting
 13887 | Lair:5   | 13887 ||| Stepping ~*~*~tactically~*~*~ (stealth).
 14012 | Lair:5   | 14012 ||| Stepping ~*~*~tactically~*~*~ (stealth).
 14013 | Lair:5   | 14013 ||| Stepping ~*~*~tactically~*~*~ (stealth).
 14016 | Lair:5   | 14016 ||| Stepping ~*~*~tactically~*~*~ (stealth).
 14017 | Lair:5   | 14017 ||| Stepping ~*~*~tactically~*~*~ (stealth).
 14040 | Lair:5   | 14040 ||| INVOKING Brothers in Arms.
 14080 | Lair:5   | 14080 ||| Stepping ~*~*~tactically~*~*~ (stealth).
 14166 | Lair:5   | Reached XP level 14. HP: 126/126 MP: 13/13
 14202 | Lair:5   | 14202 ||| INVOKING Brothers in Arms.
 14319 | Lair:5   | Reached skill level 15 in Armour
 14326 | Lair:5   | 14326 ||| INVOKING Brothers in Arms.
 14338 | Lair:5   | Received a gift from Trog
 14344 | Lair:5   | 14344 ||| DROPPING +6 eveningstar.
 14391 | Lair:5   | 14391 ||| READING scroll labelled VERUTEGALI.
 14454 | Lair:5   | 14454 ||| Stepping ~*~*~tactically~*~*~ (hiding).
 14510 | Lair:3   | 14510 ||| READING scroll of acquirement.
 14510 | Lair:3   | 14510 ||| ACQUIRING +1 pair of boots of flying
 14510 | Lair:3   | Acquired a +1 pair of boots of flying
 14587 | Lair:3   | 14587 ||| READING 8 scrolls of teleportation.
 14594 | Lair:3   | 14594 ||| Stepping ~*~*~tactically~*~*~ (stealth).
 14595 | Lair:3   | 14595 ||| Stepping ~*~*~tactically~*~*~ (stealth).
 14596 | Lair:3   | 14596 ||| Stepping ~*~*~tactically~*~*~ (stealth).
 14597 | Lair:3   | 14597 ||| Stepping ~*~*~tactically~*~*~ (stealth).
 14598 | Lair:3   | 14598 ||| Stepping ~*~*~tactically~*~*~ (stealth).
 14605 | Lair:3   | 14605 ||| Stepping ~*~*~tactically~*~*~ (stealth).
 14606 | Lair:3   | 14606 ||| Stepping ~*~*~tactically~*~*~ (stealth).
 14791 | Lair:3   | 14791 ||| INVOKING Brothers in Arms.
 14792 | Lair:3   | 14792 ||| INVOKING Brothers in Arms.
 15086 | Lair:3   | 15086 ||| Stepping ~*~*~tactically~*~*~ (stealth).
 15260 | Lair:4   | 15260 ||| Stepping ~*~*~tactically~*~*~ (stealth).
 15263 | Lair:4   | 15263 ||| Stepping ~*~*~tactically~*~*~ (stealth).
 15315 | Lair:4   | 15315 ||| Stepping ~*~*~tactically~*~*~ (stealth).
 15317 | Lair:4   | 15317 ||| Stepping ~*~*~tactically~*~*~ (stealth).
 15444 | Lair:4   | 15444 ||| Stepping ~*~*~tactically~*~*~ (hiding).
 15606 | Lair:4   | 15606 ||| Stepping ~*~*~tactically~*~*~ (stealth).
 16128 | Lair:4   | 16128 ||| Stepping ~*~*~tactically~*~*~ (stealth).
 16183 | Lair:5   | 16183 ||| INVOKING Brothers in Arms.
 16226 | Lair:5   | Noticed Kirke
 16227 | Lair:5   | 16227 ||| INVOKING Trog's Hand.
 16235 | Lair:5   | Killed Kirke
 16266 | Lair:5   | 16266 ||| Stepping ~*~*~tactically~*~*~ (stealth).
 16282 | Lair:5   | 16282 ||| Stepping ~*~*~tactically~*~*~ (stealth).
 16294 | Lair:5   | Reached XP level 15. HP: 136/138 MP: 14/14
 16301 | Lair:5   | 16301 ||| INVOKING Brothers in Arms.
 16302 | Lair:5   | 16302 ||| INVOKING Berserk.
 16452 | Lair:5   | 16452 ||| Stepping ~*~*~tactically~*~*~ (stealth).
 16490 | Lair:5   | 16490 ||| Stepping ~*~*~tactically~*~*~ (hiding).
 16586 | Lair:5   | 16586 ||| Stepping ~*~*~tactically~*~*~ (stealth).
 16844 | Lair:5   | 16844 ||| Stepping ~*~*~tactically~*~*~ (stealth).
 16885 | Lair:5   | 16885 ||| Stepping ~*~*~tactically~*~*~ (stealth).
 16976 | Lair:5   | 16976 ||| PLANNING D
 16976 | Lair:5   | 16976 ||| DROPPING ring of magical power.
 17157 | D:12     | 17157 ||| Stepping ~*~*~tactically~*~*~ (hiding).
 17161 | D:12     | Received a gift from Trog
 17290 | D:12     | 17290 ||| Stepping ~*~*~tactically~*~*~ (stealth).
 17296 | D:12     | 17296 ||| Stepping ~*~*~tactically~*~*~ (hiding).
 17298 | D:12     | 17298 ||| Stepping ~*~*~tactically~*~*~ (hiding).
 17299 | D:12     | 17299 ||| Stepping ~*~*~tactically~*~*~ (hiding).
 17434 | D:12     | 17434 ||| INVOKING Brothers in Arms.
 18117 | D:13     | Found Jiomim's Antique Weapon Shoppe.
 18405 | D:13     | 18405 ||| INVOKING Brothers in Arms.
 18570 | D:13     | Reached skill level 15 in Fighting
 18619 | D:14     | Found Santalos's Weapon Emporium.
 18702 | D:14     | 18702 ||| Stepping ~*~*~tactically~*~*~ (hiding).
 18708 | D:14     | 18708 ||| INVOKING Brothers in Arms.
 18715 | D:14     | 18715 ||| SWAPPING to +4 war axe of flaming.
 18723 | D:14     | 18723 ||| SWAPPING to +14 obsidian axe {vorpal, Mesm Drain
                  | Fly SInv}.
 18796 | D:14     | Found a gate to the Vaults.
 18798 | D:14     | 18798 ||| Stepping ~*~*~tactically~*~*~ (stealth).
 18829 | D:14     | 18829 ||| Stepping ~*~*~tactically~*~*~ (hiding).
 18830 | D:14     | 18830 ||| Stepping ~*~*~tactically~*~*~ (hiding).
 18859 | D:14     | Reached skill level 18 in Armour
 18927 | D:14     | 18927 ||| Stepping ~*~*~tactically~*~*~ (hiding).
 18928 | D:14     | 18928 ||| INVOKING Brothers in Arms.
 19064 | D:14     | 19064 ||| INVOKING Brothers in Arms.
 19065 | D:14     | 19065 ||| INVOKING Brothers in Arms.
 19269 | D:15     | Entered Level 15 of the Dungeon
 19327 | D:15     | 19327 ||| Stepping ~*~*~tactically~*~*~ (hiding).
 19436 | D:15     | 19436 ||| Stepping ~*~*~tactically~*~*~ (stealth).
 19437 | D:15     | 19437 ||| Stepping ~*~*~tactically~*~*~ (stealth).
 19439 | D:15     | 19439 ||| Stepping ~*~*~tactically~*~*~ (stealth).
 19454 | D:15     | 19454 ||| INVOKING Brothers in Arms.
 19455 | D:15     | 19455 ||| INVOKING Brothers in Arms.
 19457 | D:15     | Reached skill level 9 in Throwing
 19460 | D:15     | Reached skill level 15 in Shields
 19488 | D:15     | 19488 ||| INVOKING Brothers in Arms.
 19615 | D:15     | Reached XP level 16. HP: 149/149 MP: 15/15
 19703 | D:15     | 19703 ||| FLEEEEING.
 19704 | D:15     | 19704 ||| FLEEEEING.
 19705 | D:15     | 19705 ||| FLEEEEING.
 19706 | D:15     | 19706 ||| FLEEEEING.
 19707 | D:15     | 19707 ||| FLEEEEING.
 19708 | D:15     | 19708 ||| FLEEEEING.
 19709 | D:15     | 19709 ||| FLEEEEING.
 19710 | D:15     | 19710 ||| FLEEEEING.
 19711 | D:15     | 19711 ||| FLEEEEING.
 19712 | D:15     | 19712 ||| FLEEEEING.
 19724 | D:15     | 19724 ||| FLEEEEING.
 19731 | D:15     | 19731 ||| INVOKING Trog's Hand.
 19737 | D:15     | 19737 ||| INVOKING Berserk.
 19742 | D:15     | Reached skill level 6 in Dodging
 20068 | D:15     | 20068 ||| Stepping ~*~*~tactically~*~*~ (hiding).
 20116 | D:15     | 20116 ||| Stepping ~*~*~tactically~*~*~ (stealth).
 20117 | D:15     | 20117 ||| Stepping ~*~*~tactically~*~*~ (stealth).
 20118 | D:15     | 20118 ||| Stepping ~*~*~tactically~*~*~ (stealth).
 20119 | D:15     | 20119 ||| Stepping ~*~*~tactically~*~*~ (stealth).
 20120 | D:15     | 20120 ||| Stepping ~*~*~tactically~*~*~ (stealth).
 20192 | D:15     | Found a staircase to the Depths.
 20321 | D:15     | 20321 ||| PLANNING ORC
 20321 | D:15     | 20321 ||| READING scroll labelled QUJEUPS LAERIO.
 20473 | Orc:1    | Entered Level 1 of the Orcish Mines
 20477 | Orc:1    | Noticed Erica
 20479 | Orc:1    | 20479 ||| INVOKING Brothers in Arms.
 20491 | Orc:1    | Killed Erica
 20688 | Orc:1    | You are sucked into a shaft and drop 1 floor!
 20688 | Orc:2    | Entered Level 2 of the Orcish Mines
 20700 | Orc:2    | 20700 ||| Stepping ~*~*~tactically~*~*~ (stealth).
 20726 | Orc:1    | Found a transporter.
 20806 | Orc:1    | Found a transporter.
 20840 | Orc:2    | Found a shimmering altar of Xom.
 20870 | Orc:2    | 20870 ||| Stepping ~*~*~tactically~*~*~ (hiding).
 20872 | Orc:2    | 20872 ||| INVOKING Brothers in Arms.
 20873 | Orc:2    | 20873 ||| INVOKING Brothers in Arms.
 20911 | Orc:2    | 20911 ||| INVOKING Brothers in Arms.
 20917 | Orc:2    | Received a gift from Trog
 21010 | Orc:2    | 21010 ||| Stepping ~*~*~tactically~*~*~ (stealth).
 21012 | Orc:2    | Found a staircase to the Elven Halls.
 21018 | Orc:2    | Found a dark tunnel.
 21052 | Orc:2    | Found a burning altar of Makhleb.
 21111 | Orc:2    | Found Goeckip's Book Emporium.
 21213 | Orc:2    | Found Puciet's Antique Weapon Boutique.
 21215 | Orc:2    | 21215 ||| INVOKING Brothers in Arms.
 21220 | Orc:2    | 21220 ||| INVOKING Brothers in Arms.
 21251 | Orc:2    | Found Uvuros's Jewellery Emporium.
 21264 | Orc:2    | 21264 ||| BUYING +4 ring of evasion (540 gold).
 21264 | Orc:2    | Bought a +4 ring of evasion for 540 gold pieces
 21264 | Orc:2    | 21264 ||| BUYING ring "Meibur" {Wiz rPois Int+4} (744
                  | gold).
 21264 | Orc:2    | Bought the ring "Meibur" {Wiz rPois Int+4} for 744 gold
                  | pieces
 21264 | Orc:2    | 21264 ||| SHOPLISTING ring of the Tortoise {AC+8} (1920
                  | gold, have 1382).
 21629 | Orc:2    | Found Bimesiss's Distillery.
 21649 | Orc:2    | 21649 ||| BUYING potion of curing (33 gold).
 21649 | Orc:2    | Bought a potion of curing for 33 gold pieces
 21649 | Orc:2    | 21649 ||| BUYING potion of curing (33 gold).
 21649 | Orc:2    | Bought a potion of curing for 33 gold pieces
 21649 | Orc:2    | 21649 ||| BUYING potion of curing (33 gold).
 21649 | Orc:2    | Bought a potion of curing for 33 gold pieces
 21649 | Orc:2    | 21649 ||| BUYING potion of heal wounds (55 gold).
 21649 | Orc:2    | Bought a potion of heal wounds for 55 gold pieces
 21653 | Orc:2    | Found Oladd's Armour Boutique.
 21663 | Orc:2    | 21663 ||| INVOKING Brothers in Arms.
 21715 | Orc:2    | 21715 ||| PLANNING SHOALS:1-3
 21715 | Orc:2    | 21715 ||| DROPPING ring of resist corrosion.
 21716 | Orc:2    | 21716 ||| DROPPING ring of willpower.
 21717 | Orc:2    | 21717 ||| UPGRADING to +4 ring of evasion.
 21896 | Shoals:1 | Entered Level 1 of the Shoals
 21910 | Shoals:1 | Identified the ring of Secrets {rF+ rN+ Str-5 Dex+3}
 21925 | Shoals:1 | 21925 ||| Stepping ~*~*~tactically~*~*~ (hiding).
 21932 | Shoals:1 | Noticed Josephine
 21942 | Shoals:1 | Killed Josephine
 22150 | Shoals:1 | 22150 ||| Stepping ~*~*~tactically~*~*~ (hiding).
 22154 | Shoals:1 | 22154 ||| INVOKING Berserk.
 22163 | Shoals:1 | Noticed Louise
 22164 | Shoals:1 | 22164 ||| Stepping ~*~*~tactically~*~*~ (stealth).
 22170 | Shoals:1 | 22170 ||| Stepping ~*~*~tactically~*~*~ (stealth).
 22171 | Shoals:1 | 22171 ||| Stepping ~*~*~tactically~*~*~ (stealth).
 22176 | Shoals:1 | 22176 ||| Stepping ~*~*~tactically~*~*~ (stealth).
 22181 | Shoals:1 | 22181 ||| Stepping ~*~*~tactically~*~*~ (stealth).
 22185 | Shoals:1 | 22185 ||| Stepping ~*~*~tactically~*~*~ (stealth).
 22186 | Shoals:1 | 22186 ||| INVOKING Trog's Hand.
 22194 | Shoals:1 | Killed Louise
 22688 | Shoals:1 | 22688 ||| UPGRADING to +0 tower shield.
 22698 | Shoals:1 | 22698 ||| DROPPING +3 kite shield of Wobaush {Regen+}.
 22699 | Shoals:1 | 22699 ||| DROPPING ring of Secrets {rF+ rN+ Str-5 Dex+3}.
 22727 | Shoals:2 | 22727 ||| Stepping ~*~*~tactically~*~*~ (hiding).
 22729 | Shoals:2 | 22729 ||| Stepping ~*~*~tactically~*~*~ (hiding).
 22770 | Shoals:2 | Identified the +7 spear of the Real Monster {flame, Contam
                  | Int+6}
 22785 | Shoals:2 | 22785 ||| INVOKING Trog's Hand.
 23279 | Shoals:2 | 23279 ||| Stepping ~*~*~tactically~*~*~ (hiding).
 23280 | Shoals:2 | 23280 ||| Stepping ~*~*~tactically~*~*~ (hiding).
 23282 | Shoals:2 | 23282 ||| INVOKING Trog's Hand.
 23283 | Shoals:2 | 23283 ||| INVOKING Brothers in Arms.
 23325 | Shoals:2 | Found a shimmering blue altar of Sif Muna.
 23326 | Shoals:2 | 23326 ||| Stepping ~*~*~tactically~*~*~ (stealth).
 23551 | Shoals:3 | 23551 ||| INVOKING Trog's Hand.
 23566 | Shoals:3 | 23566 ||| INVOKING Trog's Hand.
 23601 | Shoals:3 | 23601 ||| Stepping ~*~*~tactically~*~*~ (hiding).
 23614 | Shoals:3 | 23614 ||| INVOKING Brothers in Arms.
 23637 | Shoals:3 | 23637 ||| INVOKING Trog's Hand.
 23863 | Shoals:3 | Noticed Polyphemus
 23864 | Shoals:3 | 23864 ||| INVOKING Brothers in Arms.
 23871 | Shoals:3 | 23871 ||| FLEEEEING.
 23877 | Shoals:3 | Killed Polyphemus
 23879 | Shoals:3 | 23879 ||| Stepping ~*~*~tactically~*~*~ (cloud).
 23882 | Shoals:3 | 23882 ||| DRINKING potion of cancellation.
 23887 | Shoals:3 | Reached XP level 17. HP: 118/159 MP: 16/16
 24018 | Shoals:3 | 24018 ||| Stepping ~*~*~tactically~*~*~ (hiding).
 24020 | Shoals:3 | 24020 ||| Stepping ~*~*~tactically~*~*~ (hiding).
 24021 | Shoals:3 | 24021 ||| INVOKING Trog's Hand.
 24081 | Shoals:3 | 24081 ||| Stepping ~*~*~tactically~*~*~ (hiding).
 24082 | Shoals:3 | 24082 ||| Stepping ~*~*~tactically~*~*~ (hiding).
 24083 | Shoals:3 | 24083 ||| Stepping ~*~*~tactically~*~*~ (hiding).
 24085 | Shoals:3 | 24085 ||| INVOKING Berserk.
 24216 | Shoals:3 | Reached skill level 18 in Shields
 24268 | Shoals:3 | Noticed a kraken
 24277 | Shoals:3 | Killed a kraken
 24291 | Shoals:3 | Found a runed translucent door.
 24298 | Shoals:3 | Noticed a kraken
 24306 | Shoals:3 | Killed a kraken
 24676 | Shoals:3 | 24676 ||| READING 10 scrolls of identify.
 24676 | Shoals:3 | 24676 ||| IDENTIFYING fizzy inky potion
 24711 | Shoals:3 | 24711 ||| INVOKING Brothers in Arms.
 24715 | Shoals:3 | Noticed a kraken
 24722 | Shoals:3 | Killed a kraken
 24765 | Shoals:3 | 24765 ||| FLEEEEING.
 24779 | Shoals:3 | 24779 ||| INVOKING Trog's Hand.
 24836 | Shoals:3 | Noticed a kraken
 24843 | Shoals:3 | Killed a kraken
 24954 | Shoals:3 | 24954 ||| DROPPING potion of magic.
 24955 | Shoals:3 | 24955 ||| READING 12 scrolls of teleportation.
 25059 | Shoals:3 | 25059 ||| READING 11 scrolls of teleportation.
 25105 | Shoals:3 | 25105 ||| READING 10 scrolls of teleportation.
 25109 | Shoals:3 | 25109 ||| INVOKING Berserk.
 25237 | Shoals:3 | 25237 ||| READING 9 scrolls of teleportation.
 25247 | Shoals:3 | 25247 ||| READING 8 scrolls of teleportation.
 25301 | Shoals:3 | 25301 ||| READING 7 scrolls of teleportation.
 25302 | Shoals:3 | 25302 ||| FLEEEEING.
 25393 | Shoals:3 | 25393 ||| READING 6 scrolls of teleportation.
 25484 | Shoals:4 | Entered Level 4 of the Shoals
 25513 | Shoals:4 | 25513 ||| INVOKING Trog's Hand.
 25538 | Shoals:4 | 25538 ||| INVOKING Brothers in Arms.
 25562 | Shoals:4 | Identified the ring "Uzephuno" {Ice Str+5}
 25565 | Shoals:4 | 25565 ||| INVOKING Brothers in Arms.
 25571 | Shoals:4 | 25571 ||| INVOKING Berserk.
 25579 | Shoals:4 | 25579 ||| INVOKING Trog's Hand.
 25693 | Shoals:4 | 25693 ||| FLEEEEING.
 25704 | Shoals:4 | 25704 ||| FLEEEEING.
 25705 | Shoals:4 | 25705 ||| FLEEEEING.
 25706 | Shoals:4 | 25706 ||| FLEEEEING.
 25707 | Shoals:4 | 25707 ||| FLEEEEING.
 25710 | Shoals:4 | 25710 ||| STAIRDANCE
 25866 | Shoals:4 | 25866 ||| Stepping ~*~*~tactically~*~*~ (hiding).
 25868 | Shoals:4 | 25868 ||| Stepping ~*~*~tactically~*~*~ (hiding).
 25915 | Shoals:4 | Identified the ring of Uggan {+Blink rF+ Will- Str+2 SInv}
 25949 | Shoals:4 | 25949 ||| INVOKING Trog's Hand.
 25974 | Shoals:4 | 25974 ||| INVOKING Brothers in Arms.
 25978 | Shoals:4 | 25978 ||| INVOKING Brothers in Arms.
 25979 | Shoals:4 | 25979 ||| INVOKING Brothers in Arms.
 26106 | Shoals:4 | Got a barnacled rune of Zot
 26199 | Shoals:4 | 26199 ||| INVOKING Trog's Hand.
 26204 | Shoals:4 | 26204 ||| READING 5 scrolls of teleportation.
 26205 | Shoals:4 | 26205 ||| Waiting to end mesmerise (stuck).
 26206 | Shoals:4 | 26206 ||| Waiting to end mesmerise (stuck).
 26207 | Shoals:4 | 26207 ||| Waiting to end mesmerise (stuck).
 26208 | Shoals:4 | 26208 ||| Waiting to end mesmerise (stuck).
 26313 | Shoals:4 | 26313 ||| INVOKING Trog's Hand.
 26323 | Shoals:4 | 26323 ||| READING 4 scrolls of teleportation.
 26324 | Shoals:4 | 26324 ||| Waiting to end mesmerise (stuck).
 26325 | Shoals:4 | 26325 ||| Waiting to end mesmerise (stuck).
 26326 | Shoals:4 | 26326 ||| Waiting to end mesmerise (stuck).
 26327 | Shoals:4 | 26327 ||| Waiting to end mesmerise (stuck).
 26441 | Shoals:4 | 26441 ||| INVOKING Trog's Hand.
 26570 | Shoals:3 | 26570 ||| PLANNING SNAKE:1-3
 26697 | Snake:1  | Entered Level 1 of the Snake Pit
 26703 | Snake:1  | 26703 ||| Stepping ~*~*~tactically~*~*~ (hiding).
 26704 | Snake:1  | 26704 ||| Stepping ~*~*~tactically~*~*~ (hiding).
 26750 | Snake:1  | 26750 ||| Stepping ~*~*~tactically~*~*~ (hiding).
 26864 | Snake:1  | 26864 ||| Stepping ~*~*~tactically~*~*~ (hiding).
 27196 | Snake:1  | 27196 ||| Stepping ~*~*~tactically~*~*~ (hiding).
 27201 | Snake:1  | Reached skill level 18 in Fighting
 27208 | Snake:1  | 27208 ||| Stepping ~*~*~tactically~*~*~ (hiding).
 27454 | Snake:1  | 27454 ||| Stepping ~*~*~tactically~*~*~ (stealth).
 27466 | Snake:1  | Reached XP level 18. HP: 165/172 MP: 17/17
 27487 | Snake:1  | 27487 ||| DROPPING +4 war axe of flaming.
 27818 | Snake:1  | 27818 ||| READING 10 scrolls of identify.
 27818 | Snake:1  | 27818 ||| IDENTIFYING inky potion
 27819 | Snake:1  | 27819 ||| DROPPING potion of invisibility.
 27943 | Snake:2  | 27943 ||| Stepping ~*~*~tactically~*~*~ (hiding).
 27948 | Snake:2  | 27948 ||| Stepping ~*~*~tactically~*~*~ (stealth).
 28042 | Snake:2  | Found Epacuwez's Antique Weapon Boutique.
 28044 | Snake:2  | Found Tef Wyridu's Antique Weapon Shop.
 28048 | Snake:2  | Found Umekhan's Assorted Antiques.
 28058 | Snake:2  | 28058 ||| BUYING potion of might (156 gold).
 28058 | Snake:2  | Bought a potion of might for 156 gold pieces
 28058 | Snake:2  | 28058 ||| BUYING potion of resistance (390 gold).
 28058 | Snake:2  | Bought a potion of resistance for 390 gold pieces
 28058 | Snake:2  | 28058 ||| BUYING scroll of teleportation (117 gold).
 28058 | Snake:2  | Bought a scroll of teleportation for 117 gold pieces
 28215 | Snake:2  | 28215 ||| Stepping ~*~*~tactically~*~*~ (hiding).
 28221 | Snake:2  | 28221 ||| INVOKING Brothers in Arms.
 28439 | Snake:2  | 28439 ||| Stepping ~*~*~tactically~*~*~ (hiding).
 28440 | Snake:2  | 28440 ||| Stepping ~*~*~tactically~*~*~ (hiding).
 28449 | Snake:2  | 28449 ||| Stepping ~*~*~tactically~*~*~ (hiding).
 28450 | Snake:2  | 28450 ||| Stepping ~*~*~tactically~*~*~ (hiding).
 28549 | Snake:2  | 28549 ||| Stepping ~*~*~tactically~*~*~ (stealth).
 28951 | Snake:2  | Noticed Donald
 28960 | Snake:2  | Killed Donald
 29209 | Snake:3  | 29209 ||| INVOKING Brothers in Arms.
 29211 | Snake:3  | 29211 ||| INVOKING Brothers in Arms.
 29227 | Snake:3  | Reached skill level 21 in Armour
 29234 | Snake:3  | 29234 ||| INVOKING Berserk.
 29575 | Snake:3  | Received a gift from Trog
 29727 | Snake:3  | 29727 ||| Stepping ~*~*~tactically~*~*~ (hiding).
 29951 | Snake:3  | 29951 ||| Stepping ~*~*~tactically~*~*~ (hiding).
 30194 | Snake:3  | Found Gopt's Book Shop.
 30194 | Snake:3  | Found Jeora's Jewellery Emporium.
 30196 | Snake:3  | Found Zeics's Book Shop.
 30246 | Snake:3  | 30246 ||| PLANNING VAULTS:1-4
 30500 | Vaults:1 | Entered Level 1 of the Vaults
 30519 | Vaults:1 | Noticed Saint Roka
 30523 | Vaults:1 | 30523 ||| INVOKING Trog's Hand.
 30524 | Vaults:1 | 30524 ||| INVOKING Brothers in Arms.
 30525 | Vaults:1 | 30525 ||| INVOKING Brothers in Arms.
 30526 | Vaults:1 | 30526 ||| INVOKING Brothers in Arms.
 30547 | Vaults:1 | 30547 ||| INVOKING Trog's Hand.
 30554 | Vaults:1 | HP: 41/174 [Saint Roka/divine providence (10)]
 30555 | Vaults:1 | 30555 ||| READING 5 scrolls of teleportation.
 30556 | Vaults:1 | 30556 ||| DRINKING 6 potions of heal wounds.
 30557 | Vaults:1 | 30557 ||| DRINKING 5 potions of heal wounds.
 30825 | Vaults:1 | 30825 ||| INVOKING Trog's Hand.
 30851 | Vaults:1 | HP: 29/168 [orc knight/+2 broad axe (32)]
 30852 | Vaults:1 | 30852 ||| READING 4 scrolls of teleportation.
 30852 | Vaults:1 | HP: 8/168 [orc knight/+1 dire flail of draining (10)]
 30853 | Vaults:1 | 30853 ||| DRINKING 4 potions of heal wounds.
 30854 | Vaults:1 | 30854 ||| DRINKING 3 potions of heal wounds.
 30893 | Vaults:1 | 30893 ||| INVOKING Brothers in Arms.
 30893 | Vaults:1 | HP: 40/166 [ironbound thunderhulk/bolt of lightning (13)]
 30894 | Vaults:1 | 30894 ||| READING 3 scrolls of teleportation.
 30895 | Vaults:1 | 30895 ||| DRINKING 2 potions of heal wounds.
 30921 | Vaults:1 | 30921 ||| INVOKING Brothers in Arms.
 30922 | Vaults:1 | 30922 ||| INVOKING Brothers in Arms.
 30924 | Vaults:1 | 30924 ||| INVOKING Berserk.
 30951 | Vaults:1 | 30951 ||| Stepping ~*~*~tactically~*~*~ (hiding).
 30952 | Vaults:1 | 30952 ||| INVOKING Trog's Hand.
 30956 | Vaults:1 | 30956 ||| Stepping ~*~*~tactically~*~*~ (hiding).
 30960 | Vaults:1 | 30960 ||| Stepping ~*~*~tactically~*~*~ (hiding).
 30961 | Vaults:1 | 30961 ||| Stepping ~*~*~tactically~*~*~ (hiding).
 30999 | Vaults:1 | 30999 ||| INVOKING Trog's Hand.
 31005 | Vaults:1 | HP: 37/176 [Saint Roka/divine providence (16)]
 31006 | Vaults:1 | 31006 ||| READING 2 scrolls of teleportation.
 31007 | Vaults:1 | 31007 ||| DRINKING potion of heal wounds.
 31010 | Vaults:1 | HP: 16/175 [Saint Roka/divine providence (14)]
 31014 | Vaults:1 | 31014 ||| READING scroll of teleportation.
 31056 | Vaults:1 | 31056 ||| Stepping ~*~*~tactically~*~*~ (stealth).
 31057 | Vaults:1 | 31057 ||| Stepping ~*~*~tactically~*~*~ (stealth).
 31315 | Vaults:1 | 31315 ||| Stepping ~*~*~tactically~*~*~ (stealth).
 31321 | Vaults:1 | 31321 ||| Stepping ~*~*~tactically~*~*~ (hiding).
 31446 | Vaults:1 | Reached XP level 19. HP: 116/182 MP: 18/18
 31455 | Vaults:1 | Killed Saint Roka
 31716 | Vaults:1 | 31716 ||| SWAPPING to +4 vampiric broad axe.
 31717 | Vaults:1 | 31717 ||| DROPPING +14 obsidian axe {vorpal, Mesm Drain Fly
                  | SInv}.
 31718 | Vaults:1 | 31718 ||| DROPPING +2 vampiric war axe.
 31719 | Vaults:1 | 31719 ||| READING 2 scrolls of enchant weapon.
 31719 | Vaults:1 | 31719 ||| ENCHANTING +4 vampiric broad axe.
 31720 | Vaults:1 | 31720 ||| READING scroll of enchant weapon.
 31720 | Vaults:1 | 31720 ||| ENCHANTING +5 vampiric broad axe.
 31827 | Vaults:1 | 31827 ||| READING scroll of enchant weapon.
 31827 | Vaults:1 | 31827 ||| ENCHANTING +6 vampiric broad axe.
 31846 | Vaults:1 | Found a runed translucent gate.
 31847 | Vaults:1 | Found a runed translucent gate.
 31847 | Vaults:1 | Found a runed translucent gate.
 31847 | Vaults:1 | Noticed Tang's ghost (master DsGl)
 31854 | Vaults:1 | 31854 ||| INVOKING Trog's Hand.
 32583 | Vaults:1 | 32583 ||| DROPPING +1 pair of gloves.
 32584 | Vaults:1 | 32584 ||| UPGRADING to +0 hat "Gatzixza" {+Blink rN+ Will-
                  | SInv}.
 32661 | Vaults:2 | 32661 ||| Stepping ~*~*~tactically~*~*~ (stealth).
 32663 | Vaults:2 | 32663 ||| Stepping ~*~*~tactically~*~*~ (stealth).
 32676 | Vaults:2 | 32676 ||| Stepping ~*~*~tactically~*~*~ (hiding).
 32699 | Vaults:2 | 32699 ||| Stepping ~*~*~tactically~*~*~ (hiding).
 32705 | Vaults:2 | 32705 ||| INVOKING Brothers in Arms.
 32708 | Vaults:2 | 32708 ||| INVOKING Berserk.
 32894 | Vaults:2 | 32894 ||| INVOKING Trog's Hand.
 33015 | Vaults:2 | 33015 ||| Stepping ~*~*~tactically~*~*~ (stealth).
 33032 | Vaults:2 | 33032 ||| Stepping ~*~*~tactically~*~*~ (stealth).
 33117 | Vaults:2 | Noticed Aizul
 33118 | Vaults:2 | 33118 ||| Stepping ~*~*~tactically~*~*~ (hiding).
 33120 | Vaults:2 | 33120 ||| INVOKING Trog's Hand.
 33121 | Vaults:2 | 33121 ||| INVOKING Brothers in Arms.
 33122 | Vaults:2 | 33122 ||| INVOKING Berserk.
 33129 | Vaults:2 | Killed Aizul
 33407 | Vaults:2 | 33407 ||| INVOKING Trog's Hand.
 33440 | Vaults:2 | 33440 ||| INVOKING Trog's Hand.
 33441 | Vaults:2 | 33441 ||| INVOKING Berserk.
 33569 | Vaults:2 | 33569 ||| INVOKING Trog's Hand.
 33732 | Vaults:2 | 33732 ||| Stepping ~*~*~tactically~*~*~ (stealth).
 33851 | Vaults:2 | 33851 ||| Stepping ~*~*~tactically~*~*~ (stealth).
 33900 | Vaults:2 | 33900 ||| INVOKING Berserk.
 34151 | Vaults:2 | 34151 ||| INVOKING Trog's Hand.
 34297 | Vaults:2 | 34297 ||| INVOKING Trog's Hand.
 34330 | Vaults:2 | 34330 ||| DROPPING ring of fire.
 34357 | Vaults:3 | 34357 ||| INVOKING Trog's Hand.
 34400 | Vaults:3 | 34400 ||| INVOKING Berserk.
 34407 | Vaults:3 | 34407 ||| INVOKING Trog's Hand.
 34600 | Vaults:3 | 34600 ||| READING scroll of enchant weapon.
 34600 | Vaults:3 | 34600 ||| ENCHANTING +7 vampiric broad axe.
 34611 | Vaults:3 | Reached skill level 21 in Shields
 34747 | Vaults:3 | 34747 ||| INVOKING Trog's Hand.
 34753 | Vaults:3 | 34753 ||| Stepping ~*~*~tactically~*~*~ (hiding).
 34755 | Vaults:3 | 34755 ||| Stepping ~*~*~tactically~*~*~ (hiding).
 34759 | Vaults:3 | 34759 ||| INVOKING Berserk.
 35045 | Vaults:3 | 35045 ||| Stepping ~*~*~tactically~*~*~ (hiding).
 35052 | Vaults:3 | 35052 ||| INVOKING Berserk.
 35208 | Vaults:3 | 35208 ||| Stepping ~*~*~tactically~*~*~ (stealth).
 35210 | Vaults:3 | 35210 ||| Stepping ~*~*~tactically~*~*~ (hiding).
 35215 | Vaults:3 | 35215 ||| INVOKING Berserk.
 35236 | Vaults:3 | 35236 ||| INVOKING Trog's Hand.
 35246 | Vaults:3 | 35246 ||| DRINKING potion of cancellation.
 35254 | Vaults:3 | 35254 ||| INVOKING Brothers in Arms.
 35255 | Vaults:3 | 35255 ||| INVOKING Brothers in Arms.
 35261 | Vaults:3 | Reached skill level 24 in Armour
 35261 | Vaults:3 | Reached XP level 20. HP: 193/193 MP: 19/19
 35268 | Vaults:3 | 35268 ||| FLEEEEING.
 35269 | Vaults:3 | 35269 ||| FLEEEEING.
 35270 | Vaults:3 | 35270 ||| FLEEEEING.
 35271 | Vaults:3 | 35271 ||| FLEEEEING.
 35826 | Vaults:3 | Found a staircase to the Crypt.
 35829 | Vaults:3 | 35829 ||| INVOKING Berserk.
 35841 | Vaults:3 | Reached skill level 9 in Dodging
 36047 | Vaults:3 | 36047 ||| Stepping ~*~*~tactically~*~*~ (stealth).
 36178 | Vaults:4 | 36178 ||| STAIRDANCE
 36189 | Vaults:4 | 36189 ||| STAIRDANCE
 36201 | Vaults:4 | 36201 ||| STAIRDANCE
 36216 | Vaults:4 | 36216 ||| STAIRDANCE
 36285 | Vaults:4 | 36285 ||| Stepping ~*~*~tactically~*~*~ (stealth).
 36292 | Vaults:4 | 36292 ||| INVOKING Trog's Hand.
 36431 | Vaults:4 | Noticed Boris
 36432 | Vaults:4 | 36432 ||| INVOKING Brothers in Arms.
 36435 | Vaults:4 | 36435 ||| INVOKING Berserk.
 36444 | Vaults:4 | Killed Boris
 36620 | Vaults:4 | Noticed Bai Suzhen
 36640 | Vaults:4 | Killed Bai Suzhen
 36641 | Vaults:4 | Reached skill level 21 in Fighting
 36678 | Vaults:4 | 36678 ||| Stepping ~*~*~tactically~*~*~ (hiding).
 36682 | Vaults:4 | 36682 ||| INVOKING Trog's Hand.
 36764 | Vaults:4 | 36764 ||| Stepping ~*~*~tactically~*~*~ (stealth).
 36784 | Vaults:4 | 36784 ||| Stepping ~*~*~tactically~*~*~ (stealth).
 36790 | Vaults:4 | 36790 ||| INVOKING Trog's Hand.
 36835 | Vaults:4 | 36835 ||| Stepping ~*~*~tactically~*~*~ (hiding).
 36836 | Vaults:4 | 36836 ||| Stepping ~*~*~tactically~*~*~ (hiding).
 36837 | Vaults:4 | 36837 ||| Stepping ~*~*~tactically~*~*~ (hiding).
 37032 | Vaults:4 | 37032 ||| INVOKING Trog's Hand.
 37060 | Vaults:4 | Reached skill level 12 in Throwing
 37119 | Vaults:4 | 37119 ||| FLEEEEING.
 37120 | Vaults:4 | 37120 ||| FLEEEEING.
 37121 | Vaults:4 | 37121 ||| FLEEEEING.
 37122 | Vaults:4 | 37122 ||| FLEEEEING.
 37123 | Vaults:4 | 37123 ||| FLEEEEING.
 37124 | Vaults:4 | 37124 ||| FLEEEEING.
 37125 | Vaults:4 | 37125 ||| FLEEEEING.
 37126 | Vaults:4 | 37126 ||| FLEEEEING.
 37127 | Vaults:4 | 37127 ||| FLEEEEING.
 37128 | Vaults:4 | 37128 ||| FLEEEEING.
 37129 | Vaults:4 | 37129 ||| FLEEEEING.
 37133 | Vaults:4 | 37133 ||| FLEEEEING.
 37134 | Vaults:4 | 37134 ||| FLEEEEING.
 37195 | Vaults:4 | 37195 ||| Stepping ~*~*~tactically~*~*~ (stealth).
 37197 | Vaults:4 | 37197 ||| Stepping ~*~*~tactically~*~*~ (stealth).
 37208 | Vaults:4 | 37208 ||| INVOKING Trog's Hand.
 37492 | Vaults:4 | 37492 ||| INVOKING Trog's Hand.
 37555 | Vaults:4 | 37555 ||| INVOKING Trog's Hand.
 37569 | Vaults:4 | 37569 ||| PLANNING SNAKE:4
 37610 | Vaults:4 | 37610 ||| Stepping ~*~*~tactically~*~*~ (stealth).
 37612 | Vaults:4 | 37612 ||| INVOKING Trog's Hand.
 37941 | Snake:4  | Entered Level 4 of the Snake Pit
 38021 | Snake:4  | Found Wopist's General Store.
 38034 | Snake:4  | 38034 ||| BUYING potion of mutation (152 gold).
 38034 | Snake:4  | Bought a potion of mutation for 152 gold pieces
 38236 | Snake:4  | 38236 ||| INVOKING Berserk.
 38400 | Snake:4  | 38400 ||| Stepping ~*~*~tactically~*~*~ (hiding).
 38405 | Snake:4  | Received a gift from Trog
 38419 | Snake:4  | 38419 ||| Stepping ~*~*~tactically~*~*~ (hiding).
 38479 | Snake:4  | Found Qazeamah's Book Emporium.
 38485 | Snake:4  | 38485 ||| Stepping ~*~*~tactically~*~*~ (stealth).
 38487 | Snake:4  | 38487 ||| Stepping ~*~*~tactically~*~*~ (hiding).
 38501 | Snake:4  | 38501 ||| Stepping ~*~*~tactically~*~*~ (stealth).
 38503 | Snake:4  | 38503 ||| Stepping ~*~*~tactically~*~*~ (hiding).
 38507 | Snake:4  | 38507 ||| Stepping ~*~*~tactically~*~*~ (hiding).
 38567 | Snake:4  | Found Zulunoal's Distillery.
 38574 | Snake:4  | 38574 ||| BUYING potion of curing (51 gold).
 38574 | Snake:4  | Bought a potion of curing for 51 gold pieces
 38574 | Snake:4  | 38574 ||| BUYING potion of haste (170 gold).
 38574 | Snake:4  | Bought a potion of haste for 170 gold pieces
 38574 | Snake:4  | 38574 ||| BUYING potion of haste (170 gold).
 38574 | Snake:4  | Bought a potion of haste for 170 gold pieces
 38609 | Snake:4  | 38609 ||| Stepping ~*~*~tactically~*~*~ (hiding).
 38616 | Snake:4  | 38616 ||| Stepping ~*~*~tactically~*~*~ (hiding).
 38682 | Snake:4  | 38682 ||| Stepping ~*~*~tactically~*~*~ (hiding).
 38960 | Snake:4  | Found Luevetex's Jewellery Shop.
 39032 | Snake:4  | 39032 ||| Stepping ~*~*~tactically~*~*~ (stealth).
 39132 | Snake:4  | 39132 ||| Stepping ~*~*~tactically~*~*~ (stealth).
 39144 | Snake:4  | 39144 ||| Stepping ~*~*~tactically~*~*~ (hiding).
 39164 | Snake:4  | 39164 ||| Stepping ~*~*~tactically~*~*~ (hiding).
 39173 | Snake:4  | 39173 ||| Stepping ~*~*~tactically~*~*~ (hiding).
 39176 | Snake:4  | 39176 ||| Stepping ~*~*~tactically~*~*~ (hiding).
 39278 | Snake:4  | 39278 ||| Stepping ~*~*~tactically~*~*~ (stealth).
 39279 | Snake:4  | 39279 ||| Stepping ~*~*~tactically~*~*~ (stealth).
 39358 | Snake:4  | 39358 ||| FLEEEEING.
 39447 | Snake:4  | Got a serpentine rune of Zot
 39524 | Snake:4  | 39524 ||| PLANNING DEPTHS
 39524 | Snake:4  | 39524 ||| DROPPING scarf of invisibility.
 39525 | Snake:4  | 39525 ||| DROPPING +1 cloak of poison resistance.
 39526 | Snake:4  | 39526 ||| DROPPING ring of poison resistance.
 39527 | Snake:4  | 39527 ||| DROPPING ring "Meibur" {Wiz rPois Int+4}.
 39849 | Depths:1 | Entered Level 1 of the Depths
 39860 | Depths:1 | Reached XP level 21. HP: 207/207 MP: 20/20
 39932 | Depths:1 | 39932 ||| INVOKING Brothers in Arms.
 39933 | Depths:1 | Identified the +9 war axe "Oroso" {freeze, MP+9 Dex+3
                  | Stlth+}
 39938 | Depths:1 | 39938 ||| INVOKING Berserk.
 39975 | Depths:1 | Received a gift from Trog
 40005 | Depths:1 | 40005 ||| INVOKING Brothers in Arms.
 40142 | Depths:1 | Found a gateway to Hell.
 40192 | Depths:1 | 40192 ||| Stepping ~*~*~tactically~*~*~ (cloud).
 40202 | Depths:1 | Found Plog's Weapon Emporium.
 40202 | Depths:1 | Found Wium Fen's Antique Armour Shoppe.
 40204 | Depths:1 | Found Bykkuin's Distillery.
 40206 | Depths:1 | Found Veushenuo's Distillery.
 40208 | Depths:1 | 40208 ||| BUYING potion of curing (42 gold).
 40208 | Depths:1 | Bought a potion of curing for 42 gold pieces
 40208 | Depths:1 | 40208 ||| BUYING potion of curing (42 gold).
 40208 | Depths:1 | Bought a potion of curing for 42 gold pieces
 40208 | Depths:1 | 40208 ||| BUYING potion of haste (140 gold).
 40208 | Depths:1 | Bought a potion of haste for 140 gold pieces
 40208 | Depths:1 | 40208 ||| BUYING potion of heal wounds (70 gold).
 40208 | Depths:1 | Bought a potion of heal wounds for 70 gold pieces
 40208 | Depths:1 | 40208 ||| BUYING potion of mutation (112 gold).
 40208 | Depths:1 | Bought a potion of mutation for 112 gold pieces
 40214 | Depths:1 | 40214 ||| BUYING 2 potions of haste (460 gold).
 40214 | Depths:1 | Bought 2 potions of haste for 460 gold pieces
 40214 | Depths:1 | 40214 ||| BUYING potion of curing (69 gold).
 40214 | Depths:1 | Bought a potion of curing for 69 gold pieces
 40214 | Depths:1 | 40214 ||| BUYING potion of heal wounds (115 gold).
 40214 | Depths:1 | Bought a potion of heal wounds for 115 gold pieces
 40354 | Depths:1 | Found a one-way gate leading to the halls of Pandemonium.
 40870 | Depths:2 | 40870 ||| Stepping ~*~*~tactically~*~*~ (stealth).
 40878 | Depths:2 | 40878 ||| INVOKING Brothers in Arms.
 41040 | Depths:2 | 41040 ||| Stepping ~*~*~tactically~*~*~ (stealth).
 41047 | Depths:2 | 41047 ||| Stepping ~*~*~tactically~*~*~ (hiding).
 41053 | Depths:2 | 41053 ||| INVOKING Brothers in Arms.
 41054 | Depths:2 | 41054 ||| INVOKING Brothers in Arms.
 41275 | Depths:2 | 41275 ||| INVOKING Trog's Hand.
 41358 | Depths:2 | 41358 ||| Stepping ~*~*~tactically~*~*~ (hiding).
 41398 | Depths:2 | Found Mueqog's Antique Weapon Shop.
 41645 | Depths:2 | 41645 ||| Stepping ~*~*~tactically~*~*~ (hiding).
 41648 | Depths:2 | 41648 ||| Stepping ~*~*~tactically~*~*~ (hiding).
 41656 | Depths:2 | 41656 ||| Stepping ~*~*~tactically~*~*~ (stealth).
 41677 | Depths:2 | 41677 ||| Stepping ~*~*~tactically~*~*~ (hiding).
 41890 | Depths:2 | 41890 ||| Stepping ~*~*~tactically~*~*~ (hiding).
 41972 | Depths:2 | 41972 ||| Stepping ~*~*~tactically~*~*~ (stealth).
 41974 | Depths:2 | 41974 ||| Stepping ~*~*~tactically~*~*~ (stealth).
 41981 | Depths:2 | 41981 ||| Stepping ~*~*~tactically~*~*~ (stealth).
 41983 | Depths:2 | 41983 ||| Stepping ~*~*~tactically~*~*~ (stealth).
 42054 | Depths:2 | Found a broken altar of Ashenzari.
 42061 | Depths:2 | Noticed a juggernaut
 42130 | Depths:2 | 42130 ||| FLEEEEING.
 42131 | Depths:2 | 42131 ||| FLEEEEING.
 42136 | Depths:2 | 42136 ||| FLEEEEING.
 42149 | Depths:2 | 42149 ||| FLEEEEING.
 42152 | Depths:2 | 42152 ||| INVOKING Brothers in Arms.
 42156 | Depths:2 | 42156 ||| INVOKING Berserk.
 42165 | Depths:2 | Killed a juggernaut
 42179 | Depths:2 | 42179 ||| INVOKING Trog's Hand.
 42525 | Depths:3 | 42525 ||| Stepping ~*~*~tactically~*~*~ (hiding).
 42526 | Depths:3 | 42526 ||| Stepping ~*~*~tactically~*~*~ (hiding).
 42529 | Depths:3 | 42529 ||| INVOKING Berserk.
 42648 | Depths:3 | Found a blossoming altar of Fedhas.
 42689 | Depths:3 | 42689 ||| INVOKING Brothers in Arms.
 42692 | Depths:3 | 42692 ||| INVOKING Berserk.
 42811 | Depths:3 | 42811 ||| Stepping ~*~*~tactically~*~*~ (stealth).
 42813 | Depths:3 | 42813 ||| Stepping ~*~*~tactically~*~*~ (hiding).
 42898 | Depths:3 | 42898 ||| Stepping ~*~*~tactically~*~*~ (stealth).
 42905 | Depths:3 | 42905 ||| Stepping ~*~*~tactically~*~*~ (stealth).
 42906 | Depths:3 | 42906 ||| Stepping ~*~*~tactically~*~*~ (stealth).
 42908 | Depths:3 | 42908 ||| INVOKING Brothers in Arms.
 42944 | Depths:3 | 42944 ||| Stepping ~*~*~tactically~*~*~ (hiding).
 42990 | Depths:3 | 42990 ||| INVOKING Berserk.
 43071 | Depths:3 | Noticed Boris
 43072 | Depths:3 | 43072 ||| INVOKING Brothers in Arms.
 43075 | Depths:3 | 43075 ||| INVOKING Berserk.
 43084 | Depths:3 | Killed Boris
 43209 | Depths:3 | 43209 ||| READING 7 scrolls of teleportation.
 43210 | Depths:3 | 43210 ||| FLEEEEING.
 43213 | Depths:3 | 43213 ||| FLEEEEING.
 43217 | Depths:3 | 43217 ||| Stepping ~*~*~tactically~*~*~ (hiding).
 43222 | Depths:3 | 43222 ||| INVOKING Berserk.
 43428 | Depths:3 | Found a corrupted altar of Lugonu.
 43428 | Depths:3 | Found a one-way gate to the infinite horrors of the Abyss.
 43480 | Depths:3 | 43480 ||| INVOKING Trog's Hand.
 43481 | Depths:3 | 43481 ||| INVOKING Berserk.
 43655 | Depths:3 | 43655 ||| READING 6 scrolls of teleportation.
 43909 | Depths:3 | Found a one-way gateway to a ziggurat.
 44033 | Depths:3 | 44033 ||| INVOKING Trog's Hand.
 44079 | Depths:3 | 44079 ||| Stepping ~*~*~tactically~*~*~ (stealth).
 44169 | Depths:4 | Entered Level 4 of the Depths
 44178 | Depths:4 | 44178 ||| Stepping ~*~*~tactically~*~*~ (hiding).
 44191 | Depths:4 | Reached XP level 22. HP: 220/220 MP: 21/21
 44243 | Depths:4 | Noticed Mennas
 44248 | Depths:4 | 44248 ||| INVOKING Berserk.
 44276 | Depths:4 | 44276 ||| INVOKING Brothers in Arms.
 44289 | Depths:4 | Killed Mennas
 44310 | Depths:4 | 44310 ||| FLEEEEING.
 44318 | Depths:4 | 44318 ||| STAIRDANCE
 44475 | Depths:4 | 44475 ||| Stepping ~*~*~tactically~*~*~ (stealth).
 44477 | Depths:4 | 44477 ||| INVOKING Brothers in Arms.
 44572 | Depths:4 | 44572 ||| FLEEEEING.
 44573 | Depths:4 | 44573 ||| FLEEEEING.
 44574 | Depths:4 | 44574 ||| FLEEEEING.
 44575 | Depths:4 | 44575 ||| FLEEEEING.
 44577 | Depths:4 | 44577 ||| FLEEEEING.
 44579 | Depths:4 | 44579 ||| INVOKING Brothers in Arms.
 44580 | Depths:4 | 44580 ||| INVOKING Brothers in Arms.
 44582 | Depths:4 | 44582 ||| INVOKING Berserk.
 44712 | Depths:4 | 44712 ||| Stepping ~*~*~tactically~*~*~ (stealth).
 44714 | Depths:4 | Found a gate to the Realm of Zot.
 44717 | Depths:4 | 44717 ||| INVOKING Berserk.
 44856 | Depths:4 | 44856 ||| Stepping ~*~*~tactically~*~*~ (hiding).
 44857 | Depths:4 | 44857 ||| Stepping ~*~*~tactically~*~*~ (hiding).
 44878 | Depths:4 | Reached skill level 27 in Armour
 44878 | Depths:4 | 44878 ||| Stepping ~*~*~tactically~*~*~ (hiding).
 44894 | Depths:4 | 44894 ||| Stepping ~*~*~tactically~*~*~ (hiding).
 45124 | Depths:4 | 45124 ||| FLEEEEING.
 45125 | Depths:4 | 45125 ||| FLEEEEING.
 45126 | Depths:4 | 45126 ||| FLEEEEING.
 45127 | Depths:4 | 45127 ||| FLEEEEING.
 45133 | Depths:4 | 45133 ||| INVOKING Berserk.
 45282 | Depths:4 | 45282 ||| Stepping ~*~*~tactically~*~*~ (stealth).
 45293 | Depths:4 | Noticed a juggernaut
 45297 | Depths:4 | 45297 ||| INVOKING Berserk.
 45305 | Depths:4 | Killed a juggernaut
 45312 | Depths:4 | Reached skill level 24 in Fighting
 45469 | Depths:4 | 45469 ||| DRINKING 8 potions of resistance.
 46019 | Depths:4 | 46019 ||| DROPPING scarf of harm.
 46020 | Depths:4 | 46020 ||| DROPPING +6 ring of dexterity.
 46021 | Depths:4 | 46021 ||| DROPPING ring of positive energy.
 46043 | Depths:3 | 46043 ||| PLANNING VAULTS:5
 46279 | Vaults:5 | Entered Level 5 of the Vaults
 46280 | Vaults:5 | 46280 ||| INVOKING Trog's Hand.
 46281 | Vaults:5 | 46281 ||| STAIRDANCE
 46298 | Vaults:5 | 46298 ||| STAIRDANCE
 46298 | Vaults:5 | Noticed a dread lich
 46323 | Vaults:5 | 46323 ||| STAIRDANCE
 46349 | Vaults:5 | 46349 ||| INVOKING Trog's Hand.
 46350 | Vaults:5 | 46350 ||| INVOKING Brothers in Arms.
 46351 | Vaults:5 | 46351 ||| INVOKING Brothers in Arms.
 46352 | Vaults:5 | 46352 ||| INVOKING Brothers in Arms.
 46353 | Vaults:5 | 46353 ||| INVOKING Berserk.
 46370 | Vaults:5 | Killed a dread lich
 46416 | Vaults:5 | 46416 ||| INVOKING Trog's Hand.
 46419 | Vaults:5 | 46419 ||| INVOKING Brothers in Arms.
 46425 | Vaults:5 | 46425 ||| INVOKING Brothers in Arms.
 46432 | Vaults:5 | 46432 ||| INVOKING Trog's Hand.
 46433 | Vaults:5 | 46433 ||| DRINKING 7 potions of resistance.
 46434 | Vaults:5 | 46434 ||| INVOKING Brothers in Arms.
 46435 | Vaults:5 | 46435 ||| INVOKING Brothers in Arms.
 46436 | Vaults:5 | 46436 ||| INVOKING Brothers in Arms.
 46437 | Vaults:5 | 46437 ||| INVOKING Brothers in Arms.
 46438 | Vaults:5 | 46438 ||| INVOKING Trog's Hand.
 46449 | Vaults:5 | Reached XP level 23. HP: 92/234 MP: 22/22
 46454 | Vaults:5 | 46454 ||| Stepping ~*~*~tactically~*~*~ (hiding).
 46458 | Vaults:5 | 46458 ||| INVOKING Berserk.
 46478 | Vaults:5 | 46478 ||| INVOKING Brothers in Arms.
 46487 | Vaults:5 | 46487 ||| INVOKING Trog's Hand.
 46547 | Vaults:5 | 46547 ||| Stepping ~*~*~tactically~*~*~ (stealth).
 46549 | Vaults:5 | 46549 ||| Stepping ~*~*~tactically~*~*~ (hiding).
 46553 | Vaults:5 | 46553 ||| INVOKING Berserk.
 46575 | Vaults:5 | 46575 ||| Stepping ~*~*~tactically~*~*~ (stealth).
 46577 | Vaults:5 | 46577 ||| Stepping ~*~*~tactically~*~*~ (stealth).
 46597 | Vaults:5 | 46597 ||| Stepping ~*~*~tactically~*~*~ (stealth).
 46598 | Vaults:5 | 46598 ||| Stepping ~*~*~tactically~*~*~ (stealth).
 46690 | Vaults:5 | 46690 ||| Stepping ~*~*~tactically~*~*~ (stealth).
 46693 | Vaults:5 | 46693 ||| Stepping ~*~*~tactically~*~*~ (hiding).
 46738 | Vaults:5 | Identified the +5 war axe of Luukel {protect, rF+ rC+
                  | Dex+4}
 46739 | Vaults:5 | 46739 ||| INVOKING Trog's Hand.
 46742 | Vaults:5 | 46742 ||| INVOKING Berserk.
 46746 | Vaults:5 | Identified the +11 quarterstaff "Notyciso" {venom, Contam
                  | rPois Str+2}
 46746 | Vaults:5 | Identified the +2 robe of Free Will {Will++ Str+4}
 46766 | Vaults:5 | 46766 ||| INVOKING Trog's Hand.
 46791 | Vaults:5 | 46791 ||| INVOKING Trog's Hand.
 46803 | Vaults:5 | 46803 ||| INVOKING Trog's Hand.
 46810 | Vaults:5 | 46810 ||| INVOKING Berserk.
 46963 | Vaults:5 | 46963 ||| READING scroll of enchant armour.
 46963 | Vaults:5 | 46963 ||| ENCHANTING +1 pair of gloves.
 46966 | Vaults:5 | Got a silver rune of Zot
 47091 | Vaults:5 | Identified the +4 great sword of the Establishment {pain,
                  | Will+ rCorr}
 47282 | Vaults:5 | 47282 ||| INVOKING Trog's Hand.
 47286 | Vaults:5 | 47286 ||| INVOKING Berserk.
 47509 | Vaults:5 | 47509 ||| Stepping ~*~*~tactically~*~*~ (hiding).
 47512 | Vaults:5 | 47512 ||| INVOKING Berserk.
 47636 | Vaults:5 | Identified the +1 hat of Wrong Decisions {rN+}
 47714 | Vaults:5 | Identified the +2 robe of Decompression {Fly Dex+6}
 47905 | Vaults:5 | 47905 ||| INVOKING Berserk.
 47912 | Vaults:5 | Reached skill level 12 in Dodging
 48121 | Vaults:5 | 48121 ||| PLANNING SHOPPING SPREE
 48445 | Orc:2    | 48445 ||| BUYING ring of the Tortoise {AC+8} (1920 gold).
 48445 | Orc:2    | Bought the ring of the Tortoise {AC+8} for 1920 gold pieces
 48445 | Orc:2    | Found the ring of the Tortoise {AC+8}
 48445 | Orc:2    | 48445 ||| DROPPING ring of protection from fire.
 48446 | Orc:2    | 48446 ||| UPGRADING to ring of the Tortoise {AC+8}.
 48448 | Orc:2    | 48448 ||| DROPPING +4 ring of evasion.
 48449 | Orc:2    | 48449 ||| PLANNING ZOT:1-4
 48749 | Zot:1    | Entered Level 1 of the Realm of Zot
 48749 | Zot:1    | Noticed an ancient lich
 48750 | Zot:1    | 48750 ||| INVOKING Trog's Hand.
 48753 | Zot:1    | 48753 ||| INVOKING Berserk.
 48757 | Zot:1    | Killed an ancient lich
 48836 | Zot:1    | 48836 ||| Stepping ~*~*~tactically~*~*~ (stealth).
 48843 | Zot:1    | 48843 ||| Stepping ~*~*~tactically~*~*~ (stealth).
 48845 | Zot:1    | 48845 ||| Stepping ~*~*~tactically~*~*~ (stealth).
 48848 | Zot:1    | 48848 ||| Stepping ~*~*~tactically~*~*~ (stealth).
 48852 | Zot:1    | 48852 ||| INVOKING Berserk.
 48871 | Zot:1    | 48871 ||| Stepping ~*~*~tactically~*~*~ (stealth).
 48903 | Zot:1    | 48903 ||| Stepping ~*~*~tactically~*~*~ (stealth).
 48937 | Zot:1    | 48937 ||| Stepping ~*~*~tactically~*~*~ (stealth).
 48941 | Zot:1    | 48941 ||| Stepping ~*~*~tactically~*~*~ (stealth).
 48942 | Zot:1    | 48942 ||| Stepping ~*~*~tactically~*~*~ (stealth).
 48943 | Zot:1    | 48943 ||| Stepping ~*~*~tactically~*~*~ (stealth).
 48945 | Zot:1    | 48945 ||| Stepping ~*~*~tactically~*~*~ (stealth).
 48998 | Zot:1    | 48998 ||| INVOKING Berserk.
 49229 | Zot:1    | 49229 ||| Stepping ~*~*~tactically~*~*~ (cloud).
 49558 | Zot:1    | 49558 ||| Stepping ~*~*~tactically~*~*~ (hiding).
 49562 | Zot:1    | 49562 ||| INVOKING Berserk.
 49682 | Zot:1    | 49682 ||| Stepping ~*~*~tactically~*~*~ (stealth).
 49705 | Zot:1    | 49705 ||| Stepping ~*~*~tactically~*~*~ (stealth).
 50125 | Zot:1    | 50125 ||| DROPPING +1 pair of gloves of stealth.
 50126 | Zot:1    | 50126 ||| DROPPING +6 ring of strength.
 50127 | Zot:1    | 50127 ||| UPGRADING to ring of Uggan {+Blink rF+ Will-
                  | Str+2 SInv}.
 50129 | Zot:1    | 50129 ||| UPGRADING to +1 hat of Wrong Decisions {rN+}.
 50172 | Zot:2    | 50172 ||| INVOKING Berserk.
 50337 | Zot:2    | 50337 ||| Stepping ~*~*~tactically~*~*~ (hiding).
 50491 | Zot:2    | 50491 ||| INVOKING Berserk.
 50613 | Zot:2    | 50613 ||| Stepping ~*~*~tactically~*~*~ (hiding).
 50625 | Zot:2    | 50625 ||| INVOKING Berserk.
 50627 | Zot:2    | Reached skill level 1 in Evocations
 50829 | Zot:2    | 50829 ||| Stepping ~*~*~tactically~*~*~ (stealth).
 50832 | Zot:2    | 50832 ||| Stepping ~*~*~tactically~*~*~ (hiding).
 50833 | Zot:2    | 50833 ||| Stepping ~*~*~tactically~*~*~ (hiding).
 50834 | Zot:2    | 50834 ||| Stepping ~*~*~tactically~*~*~ (hiding).
 50882 | Zot:2    | Reached skill level 3 in Evocations
 50885 | Zot:2    | 50885 ||| FLEEEEING.
 50886 | Zot:2    | 50886 ||| FLEEEEING.
 50887 | Zot:2    | 50887 ||| FLEEEEING.
 50894 | Zot:2    | 50894 ||| Stepping ~*~*~tactically~*~*~ (stealth).
 50896 | Zot:2    | 50896 ||| Stepping ~*~*~tactically~*~*~ (hiding).
 50901 | Zot:2    | 50901 ||| INVOKING Berserk.
 50934 | Zot:2    | 50934 ||| Stepping ~*~*~tactically~*~*~ (stealth).
 50935 | Zot:2    | 50935 ||| Stepping ~*~*~tactically~*~*~ (stealth).
 50945 | Zot:2    | 50945 ||| Stepping ~*~*~tactically~*~*~ (stealth).
 50969 | Zot:2    | 50969 ||| INVOKING Berserk.
 51143 | Zot:2    | 51143 ||| INVOKING Berserk.
 51505 | Zot:2    | Reached skill level 27 in Fighting
 51505 | Zot:2    | Reached XP level 24. HP: 249/249 MP: 22/22
 51513 | Zot:2    | 51513 ||| Stepping ~*~*~tactically~*~*~ (cloud).
 51517 | Zot:2    | Found the +2 shield of Resistance {rF++ rC++ Will++}
 51734 | Zot:2    | 51734 ||| Stepping ~*~*~tactically~*~*~ (hiding).
 51742 | Zot:2    | 51742 ||| INVOKING Berserk.
 51772 | Zot:2    | 51772 ||| FLEEEEING.
 51773 | Zot:2    | 51773 ||| FLEEEEING.
 51774 | Zot:2    | 51774 ||| FLEEEEING.
 51775 | Zot:2    | 51775 ||| FLEEEEING.
 51776 | Zot:2    | 51776 ||| FLEEEEING.
 51777 | Zot:2    | 51777 ||| FLEEEEING.
 51778 | Zot:2    | 51778 ||| FLEEEEING.
 51779 | Zot:2    | 51779 ||| FLEEEEING.
 51781 | Zot:2    | 51781 ||| FLEEEEING.
 51782 | Zot:2    | 51782 ||| FLEEEEING.
 51783 | Zot:2    | 51783 ||| FLEEEEING.
 51784 | Zot:2    | 51784 ||| FLEEEEING.
 51785 | Zot:2    | 51785 ||| FLEEEEING.
 51786 | Zot:2    | 51786 ||| FLEEEEING.
 51787 | Zot:2    | 51787 ||| STAIRDANCE
 51889 | Zot:1    | 51889 ||| UPGRADING to +2 shield of Resistance {rF++ rC++
                  | Will++}.
 51907 | Zot:2    | 51907 ||| Stepping ~*~*~tactically~*~*~ (hiding).
 51908 | Zot:2    | 51908 ||| Stepping ~*~*~tactically~*~*~ (hiding).
 52366 | Zot:3    | 52366 ||| INVOKING Berserk.
 52407 | Zot:3    | 52407 ||| DRINKING potion of cancellation.
 52443 | Zot:3    | 52443 ||| FLEEEEING.
 52583 | Zot:3    | Found the +4 dragonskin cloak
 52583 | Zot:3    | Noticed Tiamat
 52584 | Zot:3    | 52584 ||| INVOKING Brothers in Arms.
 52585 | Zot:3    | 52585 ||| INVOKING Brothers in Arms.
 52589 | Zot:3    | 52589 ||| INVOKING Berserk.
 52606 | Zot:3    | Reached skill level 21 in Axes
 52644 | Zot:3    | 52644 ||| INVOKING Brothers in Arms.
 52647 | Zot:3    | Killed Tiamat
 52856 | Zot:3    | 52856 ||| INVOKING Berserk.
 53031 | Zot:3    | 53031 ||| INVOKING Berserk.
 53057 | Zot:3    | 53057 ||| FLEEEEING.
 53121 | Zot:3    | 53121 ||| Stepping ~*~*~tactically~*~*~ (stealth).
 53124 | Zot:3    | 53124 ||| Stepping ~*~*~tactically~*~*~ (hiding).
 53125 | Zot:3    | 53125 ||| Stepping ~*~*~tactically~*~*~ (hiding).
 53126 | Zot:3    | 53126 ||| Stepping ~*~*~tactically~*~*~ (hiding).
 53311 | Zot:3    | Received a gift from Trog
 53314 | Zot:3    | Noticed an orb of fire
 53314 | Zot:3    | 53314 ||| INVOKING Brothers in Arms.
 53315 | Zot:3    | 53315 ||| INVOKING Brothers in Arms.
 53316 | Zot:3    | 53316 ||| INVOKING Berserk.
 53325 | Zot:3    | Gained mutation: Your body sometimes deteriorates upon
                  | taking damage. [an orb of fire]
 53327 | Zot:3    | Gained mutation: You occasionally shout uncontrollably at
                  | your foes. [an orb of fire]
 53329 | Zot:3    | Killed an orb of fire
 53524 | Zot:3    | 53524 ||| INVOKING Berserk.
 54006 | Zot:3    | Gained mutation: You do not regenerate when monsters are
                  | visible. [mutagenic glow]
 54017 | Zot:3    | Gained mutation: You are dopey. (Int -2) [mutagenic glow]
 54024 | Zot:3    | 54024 ||| DRINKING 15 potions of mutation.
 54024 | Zot:3    | Lost mutation: You occasionally shout uncontrollably at
                  | your foes. [potion of mutation]
 54024 | Zot:3    | Lost mutation: You do not regenerate when monsters are
                  | visible. [potion of mutation]
 54024 | Zot:3    | Lost mutation: Your body sometimes deteriorates upon taking
                  | damage. [potion of mutation]
 54024 | Zot:3    | Gained mutation: You are weak. (Str -2) [potion of
                  | mutation]
 54024 | Zot:3    | Gained mutation: You are strong-willed. (Will+) [potion of
                  | mutation]
 54024 | Zot:3    | Gained mutation: You are agile. (Dex +4, Str/Int -1)
                  | [potion of mutation]
 54096 | Zot:4    | 54096 ||| INVOKING Berserk.
 54292 | Zot:4    | 54292 ||| Stepping ~*~*~tactically~*~*~ (stealth).
 54305 | Zot:4    | Identified the +0 leather armour of Zin's Regard {rCorr
                  | Int+2}
 54381 | Zot:4    | 54381 ||| INVOKING Berserk.
 54392 | Zot:4    | Reached skill level 15 in Dodging
 54805 | Zot:4    | 54805 ||| INVOKING Berserk.
 54925 | Zot:4    | 54925 ||| PLANNING ORB
 54948 | Zot:5    | Entered Level 5 of the Realm of Zot
 54948 | Zot:5    | Noticed a Killer Klown
 54948 | Zot:5    | Noticed a Killer Klown
 54949 | Zot:5    | 54949 ||| INVOKING Brothers in Arms.
 54951 | Zot:5    | 54951 ||| INVOKING Berserk.
 54951 | Zot:5    | Noticed a Killer Klown
 54955 | Zot:5    | Noticed a Killer Klown
 54959 | Zot:5    | Noticed a Killer Klown
 54961 | Zot:5    | 54961 ||| INVOKING Brothers in Arms.
 54961 | Zot:5    | Noticed an orb of fire
 54961 | Zot:5    | HP: 57/249 [green draconian monk[a yellow draconian
                  | annihilator] (10)]
 54962 | Zot:5    | 54962 ||| READING 9 scrolls of teleportation.
 54962 | Zot:5    | Noticed an orb of fire
 54962 | Zot:5    | HP: 27/249 [Orb Guardian (6)]
 54963 | Zot:5    | 54963 ||| DRINKING 7 potions of heal wounds.
 54963 | Zot:5    | Slain by an Orb Guardian

Levels and vault maps discovered:
D:1:      nzn_arrival_settlement, layout_rooms,
          hellmonk_ecumenical_altar_leap_of_faith
D:2:      layout_rooms, uniq_robin
D:3:      layout_loops_cross
D:4:      layout_loops_ring, temple_pool_b, uniq_grinder
D:5:      layout_basic, vehumet_crystals,
          nicolae_hepliaklqana_ecumenical_no_more, slow_altar_2, serial_shops,
          nicolae_shop_statue_plus
D:6:      layout_loops_ring, lemuel_crystal_altar, gammafunk_ghost_grave
D:7:      layout_basic, grunt_temple_overflow_holy_war,
          nicolae_overflow_crystal_walls
D:8:      cheibrodos_ideogram_h, layout_rooms
D:9:      minmay_razor_zed, layout_irregular_city, zombieorc2_lemuel,
          enter_bailey_4, nicolae_two_hexagons, uniq_grum, uniq_maurice
D:10:     layout_small_grid, minmay_overflow_temple_star_hex, uniq_urug
D:11:     layout_layer_cave, dpeg_lair_monsters, serial_shops, shop,
          minmay_statue_crystal_thing, uniq_nergalle, uniq_lodul
D:12:     layout_cave_pods
D:13:     layout_irregular_city, serial_shops, nicolae_shop_stone
D:14:     layout_gridville, lightli_vaults_fourway_checkpoint, serial_shops,
          shop, dreamdust_deal_with_the_devil
D:15:     hangedman_depths_entry_try_elsewhere_first, layout_irregular_city,
          minivault_27, minmay_statue_bubble
Lair:1:   layout_small_grid
Lair:2:   layout_hall_layers, elwin_shoals_entry_rooms, gauntlet_entry_generic,
          gammafunk_ghost_wrathful_warriors, beast_lair_carwin_3,
          infiniplex_staircase_pool
Lair:3:   mu_elephants_graveyard, layout_gridlike,
          minmay_snake_entry_guardpost_small, basic_altar, st_stairs_11,
          grunt_forest_small_clearing_treed
Lair:4:   layout_loops_ring
Lair:5:   hangedman_lair_caniforms_friends, layout_loops_ring,
          hangedman_lair_tendril_chambers, minmay_slime_entry_pillars,
          uniq_kirke
Shoals:1: layout_shoals, uniq_louise, uniq_josephine
Shoals:2: layout_shoals, lemuel_centaur_altar
Shoals:3: nicolae_shoals_lighthouse, layout_shoals, uniq_polyphemus
Shoals:4: shoals_end_grunt_garden, layout_shoals, nzn_prometheus_bound
Snake:1:  layout_honeycomb, serial_bayou, serial_bayou_pond_a,
          serial_bayou_pond_e, serial_bayou_shore_b, serial_bayou_crossing
Snake:2:  layout_layer_cave, minmay_shop_star, uniq_donald
Snake:3:  layout_misc_corridors, special_room, st_stairs_7,
          nicolae_snake_squiggles, grunt_megastairs_1, serial_bayou_shore_a,
          minmay_shop_grove
Snake:4:  grunt_snake_rune_pools, layout_cave_town, serial_shops,
          nicolae_diamond_shop, shop, shop, nicolae_lakefront_shop,
          grunt_megastairs_4
Orc:1:    gammafunk_beogh_shrine, layout_caves, uniq_erica
Orc:2:    st_orc_town, layout_caves, serial_shops, nicolae_shop_stone,
          nicolae_volcano_entry_lava_flow, basic_altar, bloody_makhleb
Vaults:1: ebering_ghost_rock_garden, vaults_room_ringed_pool,
          ontoclasm_vaults_chip, v_misc_5, ontoclasm_vaults_spin, v_rooms_3,
          nicolae_vaults_little_squares_4, st_diamondy, vaults_dpeg_ring,
          grunt_vaults_funnel, layout_vaults_big_room, uniq_saint_roka
Vaults:2: vaults_mumra_lcd, nicolae_vaults_inception_statues,
          vaults_standard_mumra_x, hangedman_vaults_stretched_pinwheel,
          nicolae_vaults_network_s, hangedman_vaults_locks,
          nicolae_vaults_fighting_squares, v_misc_10,
          nicolae_vaults_twisting_passages, v_misc_31, v_misc_19,
          layout_vaults_omnibox, uniq_aizul
Vaults:3: vaults_mumra_chevron, hangedman_vaults_unwind, st_eye, v_misc_22,
          v_misc_29, nicolae_vaults_specimen_jars, v_alt_pattern_2,
          vaults_dpeg_doors, nicolae_vaults_mini_display_case,
          layout_vaults_omnigrid, dummy_crypt_entry
Vaults:4: nicolae_vaults_diagonal_hallway_6, nicolae_vaults_branching_niches,
          vaults_room_corners, hangedman_vaults_corner,
          ontoclasm_vaults_shuriken, v_pattern_2, v_misc_2,
          ontoclasm_vaults_misaligned, vaults_mumra_minichess_inversion,
          vaults_room_door_hall, layout_vaults_ring, uniq_boris, uniq_bai_suzhen
Vaults:5
Depths:1: layout_gridlike, hell_entry, grunt_pan_entry_spiral, drop_trap,
          st_stairs_5, dispersion_dpeg, minmay_shoptagon
Depths:2: nicolae_cairo_tiling_large, layout_twisted_cross,
          rand_demon_pan_entry_9, serial_shops, nicolae_stop_n_shop_1,
          pf_vacation_house_of_asmodeus, nicolae_ashenzari_panopticon,
          infiniplex_staircase_door_maze, firewood_loft
Depths:3: nicolae_BIG_FREAKIN_CUBE, layout_gridlike, enter_ziggurat_c,
          hell_entry, nicolae_twisting_strands, abyss_entry_flame_altar,
          pan_entry, fedhas_altar_4
Depths:4: grunt_x_marks_the_spot, layout_gridlike, grunt_pan_entry_sceptre,
          grunt_hell_horde, uniq_josephina, uniq_mennas
Zot:1:    hangedman_snap_crack_crunch, layout_cathedral_of_symmetry
Zot:2:    grunt_twist_and_shout, layout_cathedral_of_symmetry,
          skrybe_zot_glass_3
Zot:3:    lemuel_firehouse, layout_cathedral_of_symmetry, uniq_tiamat
Zot:4:    layout_misc_corridors
Zot:5:    layout_misc_corridors

Skill      XL: |  1  2  3  4  5  6  7  8  9 10 11 12 13 14 15 16 17 18 19 20 21 22 23 24 |
---------------+-------------------------------------------------------------------------+-----
Axes           | 4 5 6 7 8 9 10 12 14 16 17 18 19 20 21 | 21.5
Armour         | 3 4 5 6 8 9 10 12 14 16 18 19 20 22 24 25 26 27 | 27.0
Fighting       | 4 5 6 8 9 10 12 14 15 16 18 19 20 22 23 25 27 | 27.0
Shields        | 3 7 8 9 10 11 12 14 15 17 19 20 21 22 | 22.9
Throwing       | 1 3 4 6 7 9 10 11 12 13 14 | 14.0
Dodging        | 3 4 5 6 8 9 10 11 12 15 | 15.5
Evocations     | 4 |  4.4

Action                   |  1- 3 |  4- 6 |  7- 9 | 10-12 | 13-15 | 16-18 | 19-21 | 22-24 || total
-------------------------+-------+-------+-------+-------+-------+-------+-------+-------++-------
Melee: Hand axe          |    46 |       |       |       |       |       |       |       ||    46
       Headbutt          |     9 |     8 |    35 |    59 |    98 |   222 |   480 |   434 ||  1345
       War axe           |    49 |    63 |   254 |   204 |     7 |       |       |       ||   577
       Broad axe         |       |       |       |   135 |   522 |   983 |  1547 |  1372 ||  4559
Throw: Boomerang         |       |    24 |    56 |    44 |    59 |    14 |    39 |    60 ||   296
       Javelin           |       |       |       |    40 |   103 |    59 |    68 |    30 ||   300
Invok: Berserk           |     2 |     4 |     6 |     9 |     4 |     7 |    19 |    34 ||    85
       Trog's Hand       |       |     2 |       |       |     2 |    20 |    24 |    12 ||    60
       Brothers in Arms  |       |       |       |     9 |    13 |    20 |    12 |    15 ||    69
  Use: Scroll            |    10 |     5 |     9 |     4 |     7 |    17 |     6 |     2 ||    60
       Potion            |     1 |     2 |     1 |     2 |       |     7 |     1 |     5 ||    19
 Stab: Distracted        |       |       |       |     1 |    11 |    10 |     1 |       ||    23
       Confused          |       |       |       |       |       |       |       |     1 ||     1
Armor: Animal skin       |    11 |       |       |       |       |       |       |       ||    11
       Crystal plate arm |    33 |    37 |   262 |   211 |   259 |   311 |   556 |   850 ||  2519
Dodge: Dodged            |    35 |    17 |    31 |    86 |   177 |   410 |   560 |   650 ||  1966
Block: Buckler           |       |       |     4 |       |       |       |       |       ||     4
       Kite shield       |       |       |    97 |   148 |   341 |   123 |       |   268 ||   977
       Tower shield      |       |       |       |       |       |   779 |  1195 |   940 ||  2914

Table legend:
 A = Non-vault XP
 B = Vault XP
 C = Vault XP percentage of total XP
 D = Non-vault monster count
 E = Vault monster count
 F = Vault count percentage of total count
                 A         B        C        D         E       F
            +---------+---------+-------+---------+---------+-------
      Total |  631644 |  484341 |  43.4 |    1248 |     807 |  39.3
            +---------+---------+-------+---------+---------+-------
        D:1 |      21 |       0 |   0.0 |      12 |       0 |   0.0
        D:2 |      28 |      36 |  56.2 |      18 |      11 |  37.9
        D:3 |     116 |       0 |   0.0 |      25 |       0 |   0.0
        D:4 |      44 |     281 |  86.5 |       9 |       1 |  10.0
        D:5 |     403 |      43 |   9.6 |      10 |       1 |   9.1
        D:6 |    1069 |       0 |   0.0 |      28 |       0 |   0.0
        D:7 |    3071 |       0 |   0.0 |      33 |       0 |   0.0
        D:8 |    1469 |    2842 |  65.9 |      30 |      23 |  43.4
        D:9 |    5675 |    2835 |  33.3 |      31 |      56 |  64.4
       D:10 |    3148 |     787 |  20.0 |      15 |       1 |   6.2
       D:11 |    2929 |    7062 |  70.7 |      19 |      14 |  42.4
       D:12 |    5659 |       0 |   0.0 |      25 |       0 |   0.0
       D:13 |    5323 |       0 |   0.0 |      13 |       0 |   0.0
       D:14 |    8245 |    7281 |  46.9 |      13 |      12 |  48.0
       D:15 |   17892 |    1729 |   8.8 |      37 |       3 |   7.5
     Lair:1 |    5865 |       0 |   0.0 |      20 |       0 |   0.0
     Lair:2 |    3075 |     905 |  22.7 |      15 |       4 |  21.1
     Lair:3 |    4179 |   11231 |  72.9 |      22 |      25 |  53.2
     Lair:4 |   10053 |       0 |   0.0 |      34 |       0 |   0.0
     Lair:5 |   17217 |   23003 |  57.2 |      51 |     101 |  66.4
   Shoals:1 |    4690 |    2760 |  37.0 |      10 |       5 |  33.3
   Shoals:2 |   18237 |     450 |   2.4 |      33 |       4 |  10.8
   Shoals:3 |   15756 |   21820 |  58.1 |      30 |      32 |  51.6
   Shoals:4 |   12073 |   22027 |  64.6 |      24 |      33 |  57.9
    Snake:1 |   20499 |       0 |   0.0 |      42 |       0 |   0.0
    Snake:2 |    6274 |    1371 |  17.9 |      14 |       1 |   6.7
    Snake:3 |   27081 |    2348 |   8.0 |      50 |       7 |  12.3
    Snake:4 |   22171 |   22899 |  50.8 |      45 |      36 |  44.4
      Orc:1 |    3568 |     665 |  15.7 |      47 |       1 |   2.1
      Orc:2 |    1845 |    8760 |  82.6 |      30 |      61 |  67.0
   Vaults:1 |   35869 |   24527 |  40.6 |      54 |      37 |  40.7
   Vaults:2 |   15193 |   36059 |  70.4 |      25 |      42 |  62.7
   Vaults:3 |   19195 |   27416 |  58.8 |      33 |      35 |  51.5
   Vaults:4 |   17079 |   49564 |  74.4 |      25 |      55 |  68.8
   Vaults:5 |   26017 |   77238 |  74.8 |      34 |      65 |  65.7
   Depths:1 |   28334 |   10189 |  26.4 |      31 |      16 |  34.0
   Depths:2 |   47354 |    3260 |   6.4 |      58 |       5 |   7.9
   Depths:3 |   31946 |       0 |   0.0 |      34 |       0 |   0.0
   Depths:4 |   42582 |   29639 |  41.0 |      48 |      25 |  34.2
      Zot:1 |   21439 |   25271 |  54.1 |      21 |      18 |  46.2
      Zot:2 |   43061 |   19452 |  31.1 |      33 |      21 |  38.9
      Zot:3 |   46433 |   31698 |  40.6 |      41 |      40 |  49.4
      Zot:4 |   27888 |       0 |   0.0 |      25 |       0 |   0.0
      Zot:5 |    1579 |    1747 |  52.5 |       1 |       1 |  50.0
   Gauntlet |       0 |    7146 | 100.0 |       0 |      15 | 100.0
            +---------+---------+-------+---------+---------+-------
